 Dungeon Crawl Stone Soup version 0.25-a0-589-g1e14c549ee (webtiles) character file.

Game seed: 8017529312860654740, levelgen mode: deterministic

1037806 Haet the Conqueror (level 27, -4/199 HPs)
             Began as a Gargoyle Earth Elementalist on Mar 10, 2020.
             Was the Champion of Vehumet.
             Killed by divine providence
             ... invoked by a greater mummy
              (15 damage)
             ... on level 25 of a ziggurat on Mar 13, 2020.
             The game lasted 06:29:17 (81316 turns).

Haet the Conqueror (Gargoyle Earth Elementalist)   Turns: 81316, Time: 06:29:17

Health: -4/199     AC: 48    Str: 20    XL:     27
Magic:  63/63      EV: 26    Int: 47    God:    Vehumet [******]
Gold:   13813      SH: 16    Dex: 16    Spells: 19/80 levels left

rFire    + + +     SeeInvis .   B - +18 lance "Wyrmbane" {slay drac, rPois rF+ rC+ AC+3}
rCold    + + +     Gourm    .   f - +2 shield of Resistance {rF+ rC+ MR+}
rNeg     + + .     Faith    .   h - +2 faerie dragon scales {MR+ rCorr Str+3 Dex+4}
rPois    ∞         Spirit   .   N - +0 hat of Vurioh {Int+4}
rElec    +         Reflect  .   D - +4 cloak of Existentialism {rPois rCorr Int+4}
rCorr    +         Harm     .   R - +3 pair of gauntlets of War {Slay+5}
MR       ++++.     Rnd*Tele +   (boots unavailable)
Stlth    ++++++....             r - macabre finger necklace {rN+}
HPRegen  0.43/turn              i - ring of Shadows {Umbra +Inv Stlth+}
MPRegen  0.38/turn              T - ring "Xiecify" {rF+ Str+2 Int+5}
                                F - ring "Wisiunis" {rPois MP+9 Int+6 Stlth+}

@: resistant, flying, very slightly contaminated, slowed, wreathed by umbra,
studying 3 skills, very slow
A: big wings, talons 3, thin skeletal structure 1, clever 1, negative energy
resistance 1, shaggy fur 2, electricity resistance, teleportitis 1, unbreathing,
petrification resistance, rot immunity, MP-powered wands, AC +20
}: 5/15 runes: decaying, serpentine, slimy, silver, abyssal
a: Stop Flying, Renounce Religion, Evoke Invisibility


You were on level 25 of a ziggurat.
You worshipped Vehumet.
Vehumet was exalted by your worship.
You were very full.

You visited 12 branches of the dungeon, and saw 54 of its levels.
You visited the Abyss 1 time.
You visited 2 bazaars.
You visited 2 ziggurats (completing 1), and saw 52 of their levels.
You also visited: Trove, Gauntlet and Wizlab.

You collected 19990 gold pieces.
You spent 6177 gold pieces at shops.

Inventory:

Hand Weapons
 B - the +18 lance "Wyrmbane" (weapon) {slay drac, rPois rF+ rC+ AC+3}
   (You took it off Maggie on level 9 of the Dungeon)

   It affects your AC (+3).
   It protects you from fire.
   It protects you from cold.
   It protects you from poison.
Missiles
 A - 125 silver javelins (quivered)
 E - 12 throwing nets
Armour
 e - a scarf of cloud immunity
 f - the +2 shield of Resistance (worn) {rF+ rC+ MR+}
   (You took it off a deep elf demonologist on level 3 of the Elven Halls)

   It protects you from fire.
   It protects you from cold.
   It affects your resistance to hostile enchantments.
 h - the +2 faerie dragon scales (worn) {MR+ rCorr Str+3 Dex+4}
   (You took it off the Enchantress on level 3 of the Depths)

   It affects your strength (+3).
   It affects your dexterity (+4).
   It affects your resistance to hostile enchantments.
   It provides partial protection from all sources of acid and corrosion.
 D - the +4 cloak of Existentialism (worn) {rPois rCorr Int+4}
   (You found it on level 17 of a ziggurat)

   It affects your intelligence (+4).
   It protects you from poison.
   It provides partial protection from all sources of acid and corrosion.
 N - the +0 hat of Vurioh (worn) {Int+4}
   (You found it in a Gauntlet)

   It affects your intelligence (+4).
 R - the +3 pair of gauntlets of War (worn) {Slay+5}
   (You found it on level 24 of a ziggurat)

   It affects your accuracy and damage with ranged weapons and melee attacks
   (+5).
 Y - the +4 moon troll leather armour {Spirit, Regen++ MP+5}
   (You found it on level 23 of a ziggurat)

   It affects your magic capacity (+5).
   It increases your rate of regeneration.
Jewellery
 i - the ring of Shadows (left hand) {Umbra +Inv Stlth+}
   (You found it in a treasure trove)

   [ring of stealth]

   It lets you turn invisible.
   It makes you more stealthy.
 p - the ring "Utemisy" {rPois rN+ SInv}
   (You took it off a skeletal warrior on level 3 of the Crypt)

   [ring of see invisible]

   It protects you from poison.
   It protects you from negative energy.
   It lets you see invisible.
 r - the macabre finger necklace (around neck) {rN+}
   (You took it off a death knight on level 1 of the Crypt)

   [amulet of nothing]

   It protects you from negative energy.
 F - the ring "Wisiunis" (on amulet) {rPois MP+9 Int+6 Stlth+}
   (You found it on level 6 of a ziggurat)

   [ring of magical power]

   It affects your intelligence (+6).
   It protects you from poison.
   It affects your magic capacity (+9).
   It makes you more stealthy.
 J - the ring of the Republic {rF+ MR+ MP+9}
   (You found it on level 12 of a ziggurat)

   [ring of protection from fire]

   It protects you from fire.
   It affects your resistance to hostile enchantments.
   It affects your magic capacity (+9).
 Q - the ring "Arooppor" {Wiz rElec SInv}
   (You found it on level 22 of a ziggurat)

   [ring of wizardry]

   It improves your spell success rate.
   It insulates you from electricity.
   It lets you see invisible.
 T - the ring "Xiecify" (right hand) {rF+ Str+2 Int+5}
   (You found it in a treasure trove)

   [ring of intelligence]

   It affects your strength (+2).
   It affects your intelligence (+5).
   It protects you from fire.
 U - the ring of Robustness {AC+8}
   (You bought it in a shop on level 4 of the Snake Pit)

   [ring of protection]

   It affects your AC (+8).
Wands
 c - a wand of acid (9)
 y - a wand of iceblast (24)
 P - a wand of clouds (5)
 S - a wand of digging (23)
Scrolls
 a - 3 scrolls of holy word
 b - 13 scrolls of magic mapping
 m - 65 scrolls of teleportation
 q - 41 scrolls of remove curse
 z - 4 scrolls of summoning
 C - 6 scrolls of blinking
 H - 10 scrolls of identify
 I - 10 scrolls of amnesia
 Z - 23 scrolls of fog
Potions
 g - 34 potions of mutation
 k - 26 potions of curing
 s - a potion of cancellation
 t - 2 potions of berserk rage
 w - 3 potions of might
 x - 10 potions of experience
 L - a potion of stabbing
 O - 2 potions of ambrosia
 W - 5 potions of resistance
 X - 12 potions of heal wounds
Books
 o - a manual of Stealth
 u - a manual of Axes
 K - a manual of Summonings
Miscellaneous
 j - 11 phantom mirrors
 l - 13 sacks of spiders
 v - a phial of floods
 G - a lamp of fire
 M - 21 boxes of beasts
 V - a lightning rod (4/4)
Comestibles
 d - 70 rations


   Skills:
 O Level 27 Fighting
   Level 4.0 Maces & Flails
 - Level 18.6 Polearms
 - Level 16.8 Armour
 - Level 18.8 Dodging
 - Level 2.1 Stealth
 - Level 15.0 Shields
 O Level 27 Spellcasting
 - Level 23.9 Conjurations
 - Level 0.7 Transmutations
 + Level 23.3 Fire Magic
 + Level 23.3 Ice Magic
 + Level 24.7 Earth Magic
 - Level 6.0 Evocations


You had 19 spell levels left.
You knew the following spells:

 Your Spells              Type           Power        Failure   Level  Hunger
a - Shatter               Erth           ########..   1%          9    None
b - Stone Arrow           Conj/Erth      ######       0%          3    None
c - Lee's Rapid Deconstr  Erth           ########..   0%          5    None
d - Iron Shot             Conj/Erth      ########..   0%          6    None
e - Passwall              Tmut/Erth      ########     0%          2    None
f - Irradiate             Conj/Tmut      ########..   1%          5    None
g - Ignition              Fire           ########..   1%          8    None
h - Borgnjor's Vile Clut  Necr/Erth      ########..   1%          5    None
i - Fire Storm            Conj/Fire      ########..   1%          9    None
j - Glaciate              Conj/Ice       ########..   1%          9    None

Your spell library contained the following spells:

 Spells                   Type           Power        Failure   Level  Hunger
 Lehudib's Crystal Spear  Conj/Erth      ########..   1%          8    None
 Foxfire                  Conj/Fire      ####         0%          1    None
 Freeze                   Ice            ####         0%          1    None
 Magic Dart               Conj           ####         0%          1    None
 Sandblast                Erth           ######       0%          1    None
 Shock                    Conj/Air       ####         0%          1    None
 Ensorcelled Hibernation  Hex/Ice        ######       0%          2    None
 Searing Ray              Conj           ######       0%          2    None
 Conjure Flame            Conj/Fire      ########     0%          3    None
 Dazzling Flash           Conj/Hex       ######       0%          3    None
 Frozen Ramparts          Ice            ######       0%          3    None
 Inner Flame              Hex/Fire       ########     0%          3    None
 Ozocubu's Armour         Chrm/Ice       ########     0%          3    None
 Static Discharge         Conj/Air       ########     0%          3    None
 Fulminant Prism          Conj/Hex       ########..   0%          4    None
 Hailstorm                Conj/Ice       ########     0%          4    None
 Ice Form                 Ice/Tmut       ########     0%          4    None
 Iskenderun's Mystic Bla  Conj/Tloc      ########     0%          4    None
 Leda's Liquefaction      Hex/Erth       ########..   0%          4    None
 Petrify                  Tmut/Erth      ########     0%          4    None
 Sticky Flame             Conj/Fire      ########     0%          4    None
 Bolt of Magma            Conj/Fire/Erth ########..   0%          5    None
 Fireball                 Conj/Fire      ########..   0%          5    None
 Ozocubu's Refrigeration  Ice            ########..   0%          6    None
 Starburst                Conj/Fire      ########..   0%          6    None
 Orb of Destruction       Conj           ########..   0%          7    None
 Animate Skeleton         Necr           N/A          1%          1    None
 Apportation              Tloc           ######       1%          1    None
 Beastly Appendage        Tmut           ######       1%          1    None
 Corona                   Hex            ######.      1%          1    None
 Infusion                 Chrm           ####         1%          1    None
 Pain                     Necr           ####         1%          1    None
 Sting                    Tmut/Pois      ####         1%          1    None
 Summon Butterflies       Summ           ######..     1%          1    None
 Summon Small Mammal      Summ           ####         1%          1    None
 Blink                    Tloc           N/A          1%          2    None
 Call Imp                 Summ           ######..     1%          2    None
 Corpse Rot               Necr/Air       N/A          1%          2    None
 Poisonous Vapours        Pois/Air       ######       1%          2    None
 Shroud of Golubria       Chrm/Tloc      ######       1%          2    None
 Slow                     Hex            ######..     1%          2    None
 Song of Slaying          Chrm           ######..     1%          2    None
 Sticks to Snakes         Tmut           ######..     1%          2    None
 Swiftness                Chrm/Air       ######..     1%          2    None
 Call Canine Familiar     Summ           ######..     1%          3    None
 Confusing Touch          Hex            ######..     1%          3    None
 Gell's Gravitas          Tloc           ######....   1%          3    None
 Ignite Poison            Fire/Tmut/Pois #######.     1%          3    None
 Lesser Beckoning         Tloc           ######....   1%          3    None
 Mephitic Cloud           Conj/Pois/Air  #######.     1%          3    None
 Portal Projectile        Hex/Tloc       ######       1%          3    None
 Recall                   Summ/Tloc      N/A          1%          3    None
 Spectral Weapon          Hex/Chrm       ######..     1%          3    None
 Spider Form              Tmut/Pois      ######....   1%          3    None
 Summon Guardian Golem    Hex/Summ       ######..     1%          3    None
 Teleport Other           Tloc           ######..     1%          3    None
 Tukima's Dance           Hex            ######..     1%          3    None
 Vampiric Draining        Necr           ######....   1%          3    None
 Airstrike                Air            ######....   1%          4    None
 Olgreb's Toxic Radiance  Pois           ######..     1%          4    None
 Summon Ice Beast         Ice/Summ       ########     1%          4    None
 Iskenderun's Battlesphe  Conj/Chrm      ########     1%          5    None
 Lightning Bolt           Conj/Air       ########..   1%          5    None
 Metabolic Englaciation   Hex/Ice        ########..   1%          5    None
 Yara's Violent Unravell  Hex/Tmut       ######....   1%          5    None
 Conjure Ball Lightning   Conj/Air       ########..   1%          6    None
 Freezing Cloud           Conj/Ice/Air   ########..   1%          6    None
 Simulacrum               Ice/Necr       ########..   1%          6    None
 Ring of Flames           Chrm/Fire      ########..   1%          7    None
 Spellforged Servitor     Conj/Summ      ########..   1%          7    None
 Animate Dead             Necr           N/A          2%          4    None
 Cause Fear               Hex            ######....   2%          4    None
 Dispel Undead            Necr           ######..     2%          4    None
 Passage of Golubria      Tloc           N/A          2%          4    None
 Summon Lightning Spire   Summ/Air       ######..     2%          4    None
 Chain Lightning          Conj/Air       ########..   3%          8    None
 Blade Hands              Tmut           ######....   4%          5    None
 Alistair's Intoxication  Tmut/Pois      ######..     5%          5    None
 Agony                    Necr           ######..     6%          5    None
 Aura of Abjuration       Summ           ######....   6%          5    None
 Excruciating Wounds      Chrm/Necr      ######....   6%          5    None
 Silence                  Hex/Air        ######....   6%          5    None
 Summon Demon             Summ           ######....   6%          5    None
 Summon Forest            Summ/Tloc      ######....   6%          5    None
 Summon Mana Viper        Hex/Summ       ######..     6%          5    None
 Hydra Form               Tmut           ######....   26%         6    None
 Eringya's Noxious Bog    Tmut/Pois      ######....   30%         6    None
 Darkness                 Hex            ######....   34%         6    None
 Death Channel            Necr           ######....   34%         6    None
 Deflect Missiles         Chrm/Air       ######....   34%         6    None
 Dispersal                Tloc           ######....   34%         6    None
 Invisibility             Hex            ######..     34%         6    None
 Shadow Creatures         Summ           N/A          34%         6    None
 Dragon Form              Tmut           ######....   82%         7    None
 Malign Gateway           Summ/Tloc      ######....   88%         7    None
 Monstrous Menagerie      Summ           ######....   88%         7    None
 Summon Greater Demon     Summ           ######....   88%         7    None
 Summon Hydra             Summ           ######....   88%         7    None
 Controlled Blink         Tloc           N/A          100%        8    None
 Discord                  Hex            ######....   100%        8    None
 Disjunction              Tloc           ######....   100%        8    None
 Summon Horrible Things   Summ           ######....   100%        8    None
 Dragon's Call            Summ           ######....   100%        9    None
 Tornado                  Air            ######....   100%        9    None
 Sublimation of Blood     Necr           Unusable     N/A         2    N/A
 Statue Form              Tmut/Erth      Unusable     N/A         6    N/A

Dungeon Overview and Level Annotations

Branches:
Dungeon (15/15)            Temple (1/1) D:7            Lair (6/6) D:8
  Swamp (4/4) Lair:4        Snake (4/4) Lair:3        Slime (5/5) Lair:5
    Orc (2/2) D:10            Elf (3/3) Orc:2        Vaults (5/5) D:13
  Crypt (3/3) Vaults:2       Tomb (0/3) Crypt:3      Depths (5/5) D:15
   Hell (visited)             Zot (0/5) Depths:5     WizLab (visited)
Gauntlet (visited)
    Dis: Hell:1         Geh: Hell:1         Coc: Hell:1         Tar: Hell:1

Altars:
Ashenzari
Cheibriados
Dithmenos
Elyvilon
Fedhas
Gozag
Hepliaklqana
Kikubaaqudgha
Makhleb
Nemelex Xobeh
Okawaru
Qazlal
Ru
Sif Muna
Trog
Uskayaw
Vehumet
Wu Jian
Xom
Yredelemnul
Zin
The Shining One
Beogh

Shops:
Orc:2 %([(   Elf:1 ?   Elf:3 [   Snake:4 =}=   Vaults:1 }   Vaults:2 =
Vaults:5 *   Depths:5 *:

Portals:
Hell: Depths:1 Depths:2 Depths:3 Depths:4 Depths:5
Abyss: Depths:2 Depths:4 Depths:5
Pandemonium: Depths:1 Depths:3 Depths:4 Depths:5

Annotations:
D:8 1 runed translucent door
Lair:6 1 runed translucent door, Shaidar's ghost, journeyman GnFi
Elf:2 3 runed translucent doors
Depths:4 2 transporters


Innate Abilities, Weirdness & Mutations

You are resistant to torment.
Your stone body is resilient. (AC +20)
You are immune to poison.
Your large and strong wings let you fly indefinitely.
You resist negative energy. (rN+)
You are resistant to electric shocks. (rElec)
You can survive without breathing.
You are immune to petrification.
You are immune to rotting.
You have claws for feet.
You have a somewhat thin skeletal structure. (Dex +2, Stealth)
Your mind is acute. (Int +2)
You are covered in thick fur. (AC +2)
You are occasionally teleported next to monsters.
You expend magic power (3 MP) to strengthen your wands.


Message History

The greater mummy is lost in a daze.
You block the greater mummy's attack.
The mummy priest mumbles some strange prayers to its god.
The mummy priest is lost in a daze.
The mummy priest prays to its god.
The greater mummy mumbles some strange words.
The juggernaut skeleton is lost in a daze.
The guardian mummy is lost in a daze. x2; The mummy priest is lost in a daze.
The greater mummy is lost in a daze.
The emperor scorpion completely misses you.
The emperor scorpion misses you. x2
You block the emperor scorpion's attack.
The emperor scorpion closely misses you.
The emperor scorpion completely misses you.
The mummy priest invokes the aid of its god against you.
Something smites you!
* * * LOW HITPOINT WARNING * * *
The greater mummy gestures wildly while chanting.
The greater mummy casts a spell at you. Something smites you!
You die... .....z.... ..Mzs.M..M.sMMMss4M[s∩▓ ....MM..M.MZMs8MMMM/MZ▓ .....zMM.§MV.4MZMMMZs∩▓ .....s..MMsMMMMsMMMZM(▓ b....ss..s8sMssMWM:b:|▓

......##8M..sMssbWZZM)▓
...b..##..M.s..s.MM...▓
.....zW.zsMsMMMM@s....▓
...Z.M.........s.s....▓
..........▓▓▓▓▓▓▓▓▓▓▓▓▓
..........▓ ..........▓
..........▓ ..........▓
▓▓▓▓▓▓▓▓▓


You could see 20 greater mummies, 16 emperor scorpions, 2 bennus, 8 mummy
priests, a jiangshi (dazed), an orange demon (dazed), 9 guardian mummies, 2
ushabtiu, a freezing wraith, a spectral spriggan defender, a hungry ghost
(dazed), a chaos spawn, 6 death scarabs, 3 mummies, an iron dragon zombie
(dazed), a spriggan defender zombie (dazed), a caustic shrike zombie (dazed), a
golden dragon skeleton (dazed), a deep elf death mage skeleton (dazed) and a
juggernaut skeleton (dazed).

Vanquished Creatures
  the Royal Jelly (Slime:5)
  7 orbs of fire (Zig:25)
  Mara (Vaults:1)
  15 ancient liches
  3 juggernauts
  8 greater mummies
  Boris (twice) (Crypt:3 Depths:2)
  9 Killer Klowns (Zig:24)
  9 shard shrikes
  Frederick (Crypt:3)
  34 pandemonium lords
  6 caustic shrikes
  Jory (Vaults:2)
  Geryon (Hell)
  7 golden dragons
  the Enchantress (Depths:3)
  5 profane servitors
  3 doom hounds (Zig:15)
  4 Tzitzimimeh
  6 Brimstone Fiends
  7 bone dragons
  Jorgrun (Swamp:2)
  5 hellephants (Zig:26)
  15 liches
  5 tentacled monstrosities
  6 Hell Sentinels
  Rupert (Snake:1)
  5 deep elf blademasters
  5 quicksilver dragons
  Asterion (Depths:2)
  Murray (Hell)
  9 Ice Fiends
  2 deep elf master archers (Elf:3)
  2 quicksilver dragons (shapeshifter) (Zig:24)
  24 ancient champions
  17 sphinxes
  2 Executioners (Zig:24)
  4 thorn hunters
  12 titans
  A tentacled starspawn (Abyss:1)
  27 acid blobs
  2 azure jellies (shapeshifter) (Zig:24)
  6 storm dragons
  A fire giant (shapeshifter) (Zig:24)
  20 revenants
  16 azure jellies
  16 shadow dragons
  A daeva (Abyss:1)
  3 draconian monks (Zig:27)
  38 nagarajas
  16 tengu reavers
  30 fire giants
  5 draconian scorchers (Zig:27)
  8 black suns
  An emperor scorpion (shapeshifter) (Vaults:5)
  10 deep elf sorcerers
  16 draconian knights
  3 iron dragons
  10 ghouls
  11 emperor scorpions
  23 vault wardens
  10 curse skulls
  Aizul (Snake:1)
  7 frost giants
  33 ghost moths
  18 balrugs
  11 draconian shifters (Zig:27)
  2 warmongers (Zig:24)
  7 spriggan defenders
  15 orc warlords
  9 corrupters
  9 draconian stormcallers (Zig:27)
  6 caustic shrike zombies
  8 cacodemons
  4 draconian annihilators (Zig:27)
  15 ironheart preservers
  A juggernaut zombie (Zig:22)
  9 deep elf elementalists (Elf:3)
  33 reapers
  3 war gargoyles
  25 very ugly things
  2 caustic shrike skeletons
  5 juggernaut skeletons
  33 stone giants
  32 entropy weavers
  5 green draconians
  20 vampire knights
  Nessos (Orc:2)
  3 blood saints
  A red draconian (Zig:27)
  4 yellow draconians
  16 dire elephants
  4 lorocyprocas
  2 spectral titans (Zig:21)
  4 deep elf annihilators
  3 black draconians (Zig:27)
  12 deep elf demonologists
  12 purple draconians
  A white draconian (Zig:27)
  19 blizzard demons
  A minotaur (Gauntlet)
  4 spark wasps
  9 green deaths
  20 deep elf death magi
  27 ettins
  13 merfolk javelineers
  11 death oozes
  23 eidola
  13 mummy priests
  Snorg (Lair:6)
  9 jiangshi
  6 quicksilver dragon zombies
  A crystal guardian (Zig:19)
  9 statues (WizLab)
  6 deep elf high priests
  5 merfolk impalers
  23 fire dragons
  20 great orbs of eyes
  Harold (D:8)
  19 yaktaur captains
  37 ogre magi
  A monstrous demonspawn (Zig:24)
  Erolcha (D:11)
  6 catoblepae
  44 hydras
  17 naga warriors
  10 rakshasas
  4 quicksilver dragon skeletons
  23 anacondas
  16 centaur warriors
  18 ice dragons
  40 vault guards
  3 ghost crabs
  2 merfolk avatars (Zig:18)
  8 spriggan air magi
  An alligator snapping turtle (Zig:18)
  7 shambling mangroves
  4 hell beasts (Zig:24)
  6 death knights
  A juggernaut simulacrum (Zig:22)
  An anaconda (shapeshifter) (Vaults:5)
  6 tengu warriors
  74 two-headed ogres
  2 two-headed ogres (shapeshifter)
  5 deep troll shamans
  17 dancing weapons
  14 alligators
  A death scarab (Zig:25)
  14 deep troll earth magi
  7 spriggan berserkers
  7 hell hogs
  12 merfolk aquamancers
  6 death yaks
  3 titan zombies
  A queen ant (Lair:4)
  11 vampire magi
  8 sun demons
  19 orc high priests
  22 shock serpents
  An iron golem (Hell)
  Urug (Lair:1)
  7 titan skeletons
  13 naga sharpshooters
  18 deep elf knights
  8 small abominations
  3 storm dragon zombies
  5 salamander mystics (Snake:4)
  An iron troll (shapeshifter) (Zig:24)
  13 soul eaters
  3 sixfirhies
  A fire crab (shapeshifter) (Vaults:5)
  20 shadow wraiths
  3 spectral elves (Zig:21)
  90 skeletal warriors
  8 fire crabs (Zig:25)
  2 sea snakes (shapeshifter)
  4 hell knights (Depths:1)
  16 sea snakes
  3 spriggan druids
  7 shadow demons
  5 storm dragon skeletons
  6 iron trolls
  A deep troll (shapeshifter) (Zig:19)
  19 swamp dragons
  A swamp dragon (shapeshifter) (Zig:22)
  10 large abominations
  An anaconda zombie (Hell)
  2 unseen horrors (shapeshifter)
  10 unseen horrors
  32 deep trolls
  4 spark wasp zombies
  2 death drakes (Zig:12)
  A torturous demonspawn (Depths:3)
  4 wizards
  4 shadow dragon zombies
  8 naga ritualists
  10 lindwurms
  5 tengu zombies
  17 flayed ghosts
  14 deep elf archers
  4 orange crystal statues
  5 golden dragon zombies
  9 golden dragon skeletons
  6 obsidian statues
  5 sphinx zombies
  3 anaconda skeletons
  20 ironbrand convokers
  2 harpies (shapeshifter)
  25 phantasmal warriors
  6 glowing orange brains
  5 harpies
  An oklob plant (Orc:2)
  8 mana vipers
  10 necromancers
  27 orb spiders
  29 orc knights
  13 shining eyes
  7 salamanders
  13 cyclopes
  6 iron dragon zombies
  27 wolf spiders
  3 fauns (Depths:3)
  5 shadow dragon skeletons
  19 orc sorcerers
  15 manticores
  A stone giant zombie (Zig:8)
  80 deep elf magi
  60 ugly things
  A cyclops (shapeshifter) (Zig:19)
  16 moths of wrath
  5 fire giant zombies
  A centaur zombie (D:14)
  3 stone giant skeletons
  4 worldbinders (Abyss:3)
  57 black mambas
  3 ice statues
  3 merfolk sirens
  3 sphinx skeletons
  4 frost giant zombies
  A guardian serpent (shapeshifter) (Elf:1)
  12 rust devils
  5 apocalypse crabs
  8 elephants
  11 water nymphs
  3 fire giant skeletons
  23 guardian serpents
  8 iron dragon skeletons
  27 naga magi
  2 smoke demons
  4 frost giant skeletons
  3 molten gargoyles
  16 vault sentinels
  16 torpor snails
  A storm dragon simulacrum (Zig:15)
  6 eyes of devastation
  5 spectral swamp worms (Depths:5)
  A purple draconian zombie (Crypt:2)
  2 dire elephant skeletons
  A rime drake (shapeshifter) (Vaults:5)
  29 spiny frogs
  Maggie (D:9)
  25 demonic crawlers
  6 orange demons
  4 kobold demonologists
  7 hellions
  15 komodo dragons
  7 efreet
  A komodo dragon (shapeshifter) (Zig:22)
  An anaconda simulacrum (Hell)
  2 hellwings
  39 freezing wraiths
  42 yaktaurs
  26 ice devils
  8 rime drakes
  An ancient zyme (Abyss:1)
  28 tormentors
  21 guardian mummies
  A troll (shapeshifter) (Vaults:2)
  A merfolk (shapeshifter) (Zig:9)
  3 spectral glowing shapeshifters (Zig:21)
  2 red devils (Hell)
  3 jumping spiders (shapeshifter)
  2 redback zombies (D:15)
  6 tengu conjurers
  A silent spectre (Zig:15)
  4 wind drakes (Zig:18)
  39 merfolk
  19 jumping spiders
  101 slime creatures
  15 trolls
  15 bog bodies
  A fire dragon zombie (Crypt:2)
  16 tyrant leeches
  33 hornets
  A slime creature (shapeshifter) (Zig:15)
  22 blink frogs
  A meliai zombie (D:13)
  3 raiju (Abyss:1)
  6 snapping turtles
  3 hydra skeletons
  13 elf zombies
  13 hippogriffs
  A dream sheep (Zig:26)
  A dream sheep (shapeshifter) (Crypt:1)
  A fire giant simulacrum (Vaults:2)
  39 flying skulls
  Sigmund (D:3)
  An ice dragon skeleton (Crypt:3)
  23 tarantellas
  6 air elementals
  7 wyverns
  5 ettin skeletons
  A redback (shapeshifter) (Vaults:5)
  16 water elementals
  8 shadows
  18 redbacks
  16 spriggans
  5 ushabtiu
  A fire bat (shapeshifter) (Vaults:5)
  13 wraiths
  55 yaks
  5 basilisks
  A neqoxec (Zig:2)
  A ynoxinul (Zig:24)
  8 fire elementals
  An orc simulacrum (Vaults:1)
  A black mamba skeleton (Crypt:3)
  A wind drake zombie (Crypt:3)
  A golden eye (shapeshifter) (D:13)
  3 hungry ghosts
  A steam dragon (Lair:6)
  7 golden eyes
  10 chaos spawn
  13 elf skeletons
  A swamp worm (shapeshifter) (Zig:15)
  20 vampire mosquitoes
  42 nagas
  18 insubstantial wisps
  16 swamp worms
  12 wargs
  4 acid dragons
  5 soldier ants (Lair:4)
  An ogre skeleton (Vaults:1)
  82 orc warriors
  30 water moccasins
  A deep troll skeleton (Crypt:3)
  14 porcupines
  13 hell hounds
  3 floating eyes (shapeshifter)
  9 ice beasts
  8 swamp drakes
  An ettin simulacrum (Hell)
  A sky beast (D:12)
  An orc zombie (Vaults:2)
  2 phantoms
  5 black bears
  A faun skeleton (Crypt:3)
  2 spiny frog skeletons
  34 centaurs
  12 boggarts
  8 eyes of draining
  61 ogres
  An elephant skeleton (Crypt:2)
  7 wolves
  13 necrophages
  A lindwurm skeleton (Crypt:3)
  39 crocodiles
  27 bullfrogs
  6 big kobolds
  Blork the orc (D:6)
  An earth elemental (Elf:1)
  A wyvern zombie (D:11)
  A spiny frog simulacrum (Hell)
  2 yaktaur skeletons
  A glowing shapeshifter simulacrum (Vaults:1)
  A water moccasin zombie (D:11)
  6 scorpions
  A scorpion (shapeshifter) (Vaults:2)
  2 wyvern skeletons
  A human simulacrum (Vaults:1)
  11 killer bees
  A troll skeleton (Crypt:3)
  A yak skeleton (Crypt:2)
  18 wights
  10 spriggan zombies
  4 howler monkeys
  5 electric eels
  6 spriggan skeletons
  9 crimson imps
  5 lava snakes (Lair:6)
  4 jellies
  4 quasits
  4 human zombies (Crypt:1)
  7 iron imps
  6 centaur skeletons
  26 orc priests
  5 bullfrog skeletons
  9 hounds
  A gnoll shaman (Zig:11)
  3 human skeletons
  Terence (D:2)
  Jessica (D:2)
  6 hell rats
  4 iguanas
  40 orc wizards
  A basilisk skeleton (Crypt:1)
  34 worker ants
  2 killer bee zombies
  A big kobold zombie (Crypt:1)
  A naga zombie (Hell)
  An ogre zombie (Crypt:1)
  A sky beast zombie (Crypt:3)
  A hound zombie (D:7)
  5 tengu skeletons
  A naga skeleton (Crypt:3)
  46 mummies
  3 hound skeletons
  A spectral worker ant (D:11)
  A worker ant zombie (D:11)
  7 gnolls
  2 howler monkey zombies
  16 adders
  A river rat (shapeshifter) (Vaults:4)
  A scorpion zombie (Crypt:1)
  9 shadow imps
  19 white imps
  2 ufetubi (Depths:3)
  An ooze (D:2)
  A lava snake skeleton (Crypt:2)
  2 worms
  A barachi zombie (Crypt:3)
  7 dart slugs
  9 leopard geckos
  111 orcs
  7 ball pythons
  6 bats
  9 giant cockroaches
  5 hobgoblins
  23 jackals
  6 quokkas
  9 frilled lizards
  A gnoll skeleton (Crypt:1)
  6 goblins
  2 jackal skeletons (D:4)
  A jackal zombie (D:7)
  21 kobolds
  2 leopard gecko zombies
  6 rats
  51 blocks of ice
  24 briar patches
  3 crawling corpses (Elf:1)
  82 fire vortices
  A fungus (D:1)
  2 starspawn tentacles (Abyss:1)
4792 creatures vanquished.

Vanquished Creatures (collateral kills)
  An ancient lich (Zig:22)
  4 greater mummies
  A Tzitzimitl (Zig:7)
  A lich (Zig:23)
  An acid blob (Zig:18)
  A revenant (Zig:21)
  2 draconian scorchers (Zig:27)
  A sphinx zombie (Zig:20)
  A wolf spider (Zig:21)
  A guardian mummy (Zig:17)
  3 slime creatures
  A redback (Zig:21)
  2 mummies (Zig:17)
20 creatures vanquished.

Vanquished Creatures (others)
  A draconian monk (Zig:27)
  A draconian annihilator (Zig:27)
  2 entropy weavers (Zig:21)
  A purple draconian (WizLab)
  2 vault guards (Vaults:5)
  An ice dragon (Depths:4)
  A deep elf knight (Vaults:2)
  A shadow wraith (Vaults:2)
  An ugly thing (Swamp:4)
  A black mamba (Snake:3)
  2 insubstantial wisps (Swamp:1)
  An ogre (Vaults:3)
  An orc (D:11)
  A bat (D:2)
  10 blocks of ice
  3 briar patches (Zig:12)
  168 fire vortices
  2 fungi
  37 plants
  2 starspawn tentacles (Abyss:1)
  3 withered plants (Gauntlet)
242 creatures vanquished.

Grand Total: 5054 creatures vanquished

Notes
Turn   | Place    | Note
-------+----------+-------------------------------------------
     0 | D:1      | Haet the Gargoyle Earth Elementalist began the quest for
                  | the Orb.
     0 | D:1      | Reached XP level 1. HP: 10/10 MP: 3/3
   162 | D:1      | Reached XP level 2. HP: 8/15 MP: 1/5
   887 | D:1      | Reached XP level 3. HP: 15/19 MP: 6/6
   892 | D:1      | Learned a level 3 spell: Stone Arrow
  1481 | D:2      | Noticed Jessica
  1484 | D:2      | Killed Jessica
  1484 | D:2      | Reached skill level 1 in Conjurations
  1507 | D:2      | Reached XP level 4. HP: 21/24 MP: 5/8
  1619 | D:2      | Noticed Terence
  2515 | D:3      | Reached skill level 5 in Earth Magic
  2921 | D:3      | Reached XP level 5. HP: 28/28 MP: 9/9
  3301 | D:3      | Noticed Sigmund
  3311 | D:3      | Killed Sigmund
  3311 | D:3      | Reached XP level 6. HP: 29/32 MP: 0/11
  3519 | D:2      | Killed Terence
  4573 | D:4      | Learned a level 5 spell: Lee's Rapid Deconstruction
  4577 | D:4      | Learned a level 3 spell: Mephitic Cloud
  4686 | D:4      | Reached XP level 7. HP: 30/36 MP: 7/13
  5411 | D:5      | Entered Level 5 of the Dungeon
  5416 | D:5      | Reached skill level 5 in Spellcasting
  5416 | D:5      | Reached XP level 8. HP: 41/41 MP: 9/15
  5502 | D:5      | Reached skill level 5 in Conjurations
  6496 | D:6      | Reached skill level 1 in Fighting
  6496 | D:6      | Reached skill level 1 in Maces & Flails
  6496 | D:6      | Reached skill level 1 in Armour
  6861 | D:6      | Reached XP level 9. HP: 47/47 MP: 16/18
  7062 | D:6      | Noticed Blork the orc
  7076 | D:6      | Killed Blork the orc
  7308 | D:6      | Learned a level 2 spell: Passwall
  7322 | D:6      | Got a dazzling great sword
  7323 | D:6      | Identified the +8 great sword of Valour {venom, rPois SInv
                  | Stlth+} (You found it on level 6 of the Dungeon)
  7498 | D:6      | Found an iron altar of Okawaru.
  7632 | D:7      | Got a sparkling pewter ring
  7634 | D:7      | Identified the ring of Usuodykk {+Fly rPois rC+} (You found
                  | it on level 7 of the Dungeon)
  7777 | D:7      | Found a staircase to the Ecumenical Temple.
  7786 | Temple   | Entered the Ecumenical Temple
  8405 | D:8      | Noticed Harold
  8448 | D:8      | Found a glowing silver altar of Zin.
  8448 | D:8      | Found a runed translucent door.
  8448 | D:8      | Noticed an angel
  8577 | D:8      | Reached XP level 10. HP: 43/56 MP: 13/19
  8876 | D:8      | Killed Harold
  8876 | D:8      | Reached skill level 1 in Evocations
  9144 | D:8      | Noticed Maggie
  9398 | D:8      | Found a staircase to the Lair.
  9663 | D:9      | Reached skill level 5 in Armour
  9858 | D:9      | Got a jewelled spear
  9906 | D:9      | Killed Maggie
  9906 | D:9      | Reached skill level 5 in Fighting
  9906 | D:9      | Reached skill level 10 in Earth Magic
  9906 | D:9      | Reached XP level 11. HP: 60/63 MP: 6/22
 10169 | D:9      | Got a wavering brass ring
 10171 | D:9      | Identified the ring "Xuce" {rC+ Stlth+} (You found it on
                  | level 9 of the Dungeon)
 10440 | D:9      | Found a basalt altar of Yredelemnul.
 10454 | D:9      | Found a glowing golden altar of the Shining One.
 10457 | D:9      | Found a hide-covered altar of Uskayaw.
 10468 | D:9      | Found a sparkling altar of Nemelex Xobeh.
 10770 | D:9      | Found a radiant altar of Vehumet.
 10778 | D:9      | Became a worshipper of Vehumet
 11006 | D:10     | Entered Level 10 of the Dungeon
 11124 | D:10     | Reached skill level 1 in Polearms
 11381 | D:10     | Found a staircase to the Orcish Mines.
 11383 | D:10     | Reached * piety under Vehumet
 11383 | D:10     | Offered knowledge of Foxfire by Vehumet.
 11503 | D:10     | Noticed a two-headed ogre
 11510 | D:10     | Killed a two-headed ogre
 12132 | D:11     | Reached ** piety under Vehumet
 12141 | D:11     | Offered knowledge of Freeze by Vehumet.
 12144 | D:11     | Noticed a seven-headed hydra
 12151 | D:11     | Killed a seven-headed hydra
 12211 | D:11     | Noticed a cyclops
 12212 | D:11     | Noticed a cyclops
 12238 | D:11     | Killed a cyclops
 12351 | D:11     | Found a gate leading to a gauntlet.
 12353 | D:11     | Noticed a cyclops
 12359 | Gauntlet | Entered a Gauntlet
 12359 | Gauntlet | Found a transporter.
 12359 | Gauntlet | Found a transporter.
 12359 | Gauntlet | Found a transporter.
 12360 | Gauntlet | Found a transporter.
 12360 | Gauntlet | Noticed a soul eater
 12363 | Gauntlet | Found a transporter.
 12363 | Gauntlet | Found a transporter.
 12363 | Gauntlet | Noticed a fire crab
 12371 | Gauntlet | a fire crab changed into a queen bee
 12375 | Gauntlet | Found a transporter.
 12377 | Gauntlet | Found a transporter.
 12377 | Gauntlet | Noticed a death ooze
 12385 | Gauntlet | Noticed a death yak
 12387 | Gauntlet | Found a transporter.
 12387 | Gauntlet | Noticed a death yak
 12388 | Gauntlet | Noticed a death yak
 12390 | Gauntlet | Noticed a death yak
 12393 | Gauntlet | Noticed a death yak
 12394 | Gauntlet | Noticed a death yak
 12430 | Gauntlet | Noticed a deep troll
 12433 | Gauntlet | Noticed a two-headed ogre
 12433 | Gauntlet | a deep troll changed into a two-headed ogre
 12448 | Gauntlet | Noticed a shining eye
 12450 | Gauntlet | Noticed a faun
 12450 | Gauntlet | a two-headed ogre changed into a faun
 12489 | Gauntlet | Found a transporter.
 12493 | Gauntlet | Found a transporter.
 12503 | Gauntlet | Found a transporter.
 12579 | Gauntlet | Killed a soul eater
 12579 | Gauntlet | Reached skill level 5 in Dodging
 12658 | Gauntlet | Noticed a death drake
 12664 | Gauntlet | Got a brightly glowing iron ring
 12666 | Gauntlet | Identified the ring of Foolhardiness {Wiz *Corrode rC+
                  | Str+2} (You found it in a Gauntlet)
 12912 | Gauntlet | Reached XP level 12. HP: 71/71 MP: 18/24
 12918 | Gauntlet | Got a fine hat
 12924 | Gauntlet | Identified the cursed +0 hat of Vurioh {Int+4} (You found
                  | it in a Gauntlet)
 12982 | Gauntlet | Noticed a minotaur
 13007 | Gauntlet | Killed a minotaur
 13251 | D:11     | Noticed Erolcha
 13261 | D:11     | Offered knowledge of Searing Ray by Vehumet.
 13263 | D:11     | Killed Erolcha
 13280 | D:11     | Reached *** piety under Vehumet
 13946 | D:11     | Offered knowledge of Inner Flame by Vehumet.
 14073 | D:11     | Noticed a two-headed ogre
 14077 | D:11     | Killed a two-headed ogre
 14661 | D:12     | Found a stormy altar of Qazlal.
 14667 | D:12     | Noticed a two-headed ogre
 14675 | D:12     | Killed a two-headed ogre
 14915 | D:12     | Reached **** piety under Vehumet
 15217 | D:13     | Offered knowledge of Yara's Violent Unravelling by Vehumet.
 15281 | D:13     | Reached skill level 5 in Evocations
 15474 | D:13     | Reached XP level 13. HP: 77/77 MP: 25/25
 15557 | D:13     | Reached skill level 10 in Conjurations
 15944 | D:13     | Found a gate to the Vaults.
 16009 | D:13     | Reached skill level 5 in Polearms
 16015 | D:13     | Reached ***** piety under Vehumet
 16296 | D:13     | Found a portal to a secret trove of treasure.
 16665 | D:14     | Offered knowledge of Irradiate by Vehumet.
 16752 | D:13     | Learned a level 5 spell: Irradiate
 18110 | Lair:1   | Entered Level 1 of the Lair of Beasts
 18197 | Lair:1   | Noticed Urug
 18211 | Lair:1   | Killed Urug
 18211 | Lair:1   | Gained mutation: Your large and strong wings let you fly
                  | indefinitely. [Gargoyle growth]
 18211 | Lair:1   | Reached XP level 14. HP: 83/84 MP: 8/27
 19255 | Lair:2   | Learned a level 5 spell: Borgnjor's Vile Clutch
 20600 | Lair:3   | Gained mutation: You tend to lose your temper in combat.
                  | [potion of mutation]
 20600 | Lair:3   | Gained mutation: You evolve. [potion of mutation]
 20600 | Lair:3   | Gained mutation: You rapidly evolve. [potion of mutation]
 20600 | Lair:3   | Gained mutation: You passively map a small area around you.
                  | [potion of mutation]
 20724 | Lair:3   | Reached skill level 10 in Spellcasting
 20757 | Lair:3   | Found a staircase to the Snake Pit.
 21067 | Lair:3   | Gained mutation: You are resistant to hostile enchantments.
                  | (MR+) [evolution]
 21178 | Lair:4   | Offered knowledge of Freezing Cloud by Vehumet.
 21698 | Lair:4   | Noticed an entropy weaver
 21700 | Lair:4   | Noticed an entropy weaver
 21722 | Lair:4   | Killed an entropy weaver
 21726 | Lair:4   | Killed an entropy weaver
 22128 | Lair:4   | Found a staircase to the Swamp.
 22215 | Lair:4   | Reached skill level 10 in Fighting
 22672 | Lair:4   | Identified the +8 spear of Mazxui Ucoi {flame, rN+ Str-2
                  | Dex+7 SInv} (You found it on level 9 of the Dungeon)
 23117 | Lair:5   | Reached XP level 15. HP: 87/92 MP: 29/29
 23301 | Lair:5   | Found a staircase to the Slime Pits.
 23392 | Lair:5   | Offered knowledge of Bolt of Magma by Vehumet.
 23412 | Lair:5   | Learned a level 5 spell: Bolt of Magma
 23420 | Lair:5   | You are sucked into a shaft and drop 1 floor!
 23420 | Lair:6   | Entered Level 6 of the Lair of Beasts
 23669 | Lair:6   | Noticed Snorg
 23673 | Lair:6   | Killed Snorg
 23721 | Lair:6   | Reached skill level 1 in Fire Magic
 24073 | Lair:6   | Found a runed translucent door.
 24083 | Lair:6   | Noticed Shaidar's ghost (journeyman GnFi)
 24303 | Lair:6   | Identified a scroll of acquirement
 24303 | Lair:6   | Identified the ring of Midnight {rF+ rC- rN+ Str+3 Stlth+}
                  | (You acquired it on level 6 of the Lair of Beasts)
 24552 | Lair:6   | Found a radiant altar of Vehumet.
 24914 | Lair:6   | Found a large runed translucent door.
 24914 | Lair:6   | Found a large runed translucent door.
 25098 | Lair:6   | Gained mutation: You are partially covered in thin metallic
                  | scales. (AC +2) [evolution]
 25520 | Orc:1    | Entered Level 1 of the Orcish Mines
 25603 | Orc:1    | Reached ****** piety under Vehumet
 25712 | Orc:1    | Found a roughly hewn altar of Beogh.
 25755 | Orc:1    | Found a bloodstained altar of Trog.
 25849 | Orc:2    | Entered Level 2 of the Orcish Mines
 25855 | Orc:2    | Offered knowledge of Orb of Destruction by Vehumet.
 26003 | Orc:2    | Noticed Nessos
 26086 | Orc:2    | Killed Nessos
 26347 | Orc:2    | Found Dallaot's Armour Shop.
 26347 | Orc:2    | Found Xuole's Antique Weapon Emporium.
 26349 | Orc:2    | Found Cyarud's Food Shoppe.
 26351 | Orc:2    | Found Nyceef's Weapon Boutique.
 26634 | Orc:2    | Found a staircase to the Elven Halls.
 27206 | D:15     | Entered Level 15 of the Dungeon
 27354 | D:15     | Reached XP level 16. HP: 98/100 MP: 27/31
 27357 | D:15     | Reached skill level 5 in Fire Magic
 27373 | D:15     | Offered knowledge of Starburst by Vehumet.
 28037 | D:15     | Found a staircase to the Depths.
 28385 | D:15     | Found a shimmering altar of Xom.
 28662 | Snake:1  | Entered Level 1 of the Snake Pit
 28759 | Snake:1  | Gained mutation: Your mind is acute. (Int +2) [evolution]
 29077 | Snake:1  | Noticed Aizul
 29091 | Snake:1  | Killed Aizul
 29739 | Snake:1  | Found a shimmering altar of Xom.
 29793 | Snake:1  | Noticed Rupert
 29809 | Snake:1  | Killed Rupert
 30258 | Snake:2  | Found an opulent altar of Gozag.
 30601 | Snake:2  | Offered knowledge of Ozocubu's Refrigeration by Vehumet.
 31263 | Snake:2  | Got a transparent leather armour
 31468 | Swamp:1  | Entered Level 1 of the Swamp
 31560 | Swamp:1  | Gained mutation: You are partially covered in yellow
                  | scales. (AC +2) [evolution]
 31675 | Swamp:1  | Found a radiant altar of Vehumet.
 31729 | Swamp:1  | Reached XP level 17. HP: 106/106 MP: 32/32
 32612 | Swamp:2  | Identified the cursed +0 leather armour of Ecuc {*Slow
                  | rElec rF+ Stlth+} (You found it on level 2 of the Snake
                  | Pit)
 32763 | Swamp:2  | Got a crude glass ring
 32765 | Swamp:2  | Identified the ring "Lische" {+Blink rN+ MR+ Stlth+} (You
                  | found it on level 2 of the Swamp)
 33527 | Swamp:2  | Noticed Jorgrun
 33541 | Swamp:2  | Killed Jorgrun
 34128 | Swamp:3  | Found the +11 plutonium sword {*Contam Stlth-}
 34266 | Swamp:3  | Reached skill level 15 in Earth Magic
 34343 | Swamp:3  | Offered knowledge of Spellforged Servitor by Vehumet.
 34561 | Swamp:3  | Lost mutation: You tend to lose your temper in combat.
                  | [evolution]
 34994 | Swamp:3  | Got a crude quarterstaff
 34995 | Swamp:3  | Identified the +4 quarterstaff of the Middle {vorpal,
                  | *Noise rElec Str+4 Dex+7} (You found it on level 3 of the
                  | Swamp)
 35255 | Swamp:4  | Entered Level 4 of the Swamp
 35819 | Swamp:4  | Reached skill level 10 in Dodging
 35938 | Swamp:4  | Got a decaying rune of Zot
 36230 | Swamp:4  | Reached XP level 18. HP: 75/112 MP: 34/34
 37269 | Snake:3  | Reached skill level 10 in Fire Magic
 37286 | Snake:3  | Reached skill level 10 in Polearms
 38035 | Snake:4  | Entered Level 4 of the Snake Pit
 38105 | Snake:4  | Learned a level 5 spell: Fireball
 38112 | Snake:4  | Found Enoyw's Jewellery Shop.
 38113 | Snake:4  | Found Xuewnuech's Gadget Emporium.
 38123 | Snake:4  | Found Deajeinn's Jewellery Shop.
 38141 | Snake:4  | Bought the ring of Robustness {AC+8} for 1792 gold pieces
 38141 | Snake:4  | Found the ring of Robustness {AC+8}
 38399 | Elf:1    | Entered Level 1 of the Elven Halls
 38417 | Elf:1    | Gained mutation: Your magical capacity is low. (-10% MP) [a
                  | neqoxec]
 38478 | Elf:1    | Offered knowledge of Lehudib's Crystal Spear by Vehumet.
 38478 | Elf:1    | Offered knowledge of Fire Storm by Vehumet.
 38478 | Elf:1    | Offered knowledge of Shatter by Vehumet.
 38796 | Elf:1    | Gained mutation: You are covered in fur. (AC +1)
                  | [evolution]
 39155 | Elf:1    | Found Bauriatt's Magic Scroll Shop.
 39160 | Elf:1    | Bought a scroll of magic mapping for 49 gold pieces
 39160 | Elf:1    | Bought 2 scrolls of magic mapping for 98 gold pieces
 39160 | Elf:1    | Bought a scroll of fog for 28 gold pieces
 39160 | Elf:1    | Bought 2 scrolls of identify for 56 gold pieces
 39160 | Elf:1    | Bought a scroll of magic mapping for 49 gold pieces
 39160 | Elf:1    | Bought a scroll of immolation for 49 gold pieces
 39160 | Elf:1    | Bought a scroll of teleportation for 42 gold pieces
 39160 | Elf:1    | Bought a scroll of identify for 28 gold pieces
 39700 | Elf:1    | You are sucked into a shaft and drop 1 floor!
 39946 | Elf:2    | Reached XP level 19. HP: 115/119 MP: 28/31
 40142 | Elf:2    | Found a runed translucent gate.
 40142 | Elf:2    | Found a runed translucent gate.
 40142 | Elf:2    | Found a runed translucent gate.
 40637 | Elf:3    | Entered Level 3 of the Elven Halls
 40894 | Elf:3    | Found Pelucvorgh's Antique Armour Shop.
 41004 | Elf:3    | Found an ancient bone altar of Kikubaaqudgha.
 41423 | Elf:3    | Identified the +7 rapier of Eciuck {protect, MR+}
 41851 | Elf:3    | Lost mutation: Your mind is acute. (Int +2) [a neqoxec]
 42171 | Elf:3    | Noticed an Ice Fiend
 42485 | Elf:3    | Identified the +3 mace of the Extremes {venom, rC- MR-
                  | Int+2 Dex+8}
 42607 | Elf:3    | Identified the amulet of No Interval {Spirit Str+5} (You
                  | acquired it on level 3 of the Elven Halls)
 42607 | Elf:3    | Identified the +0 pair of gloves "Eseaxal" {rPois rC+} (You
                  | acquired it on level 3 of the Elven Halls)
 42889 | Elf:3    | Noticed an Ice Fiend
 43143 | Elf:3    | Reached XP level 20. HP: 94/126 MP: 4/33
 43297 | Elf:3    | Identified the Tome of Sinister Ignition
 43364 | Elf:3    | Identified Pien Hao's Catalogue of Black Rituals
 43381 | Elf:3    | Identified the Tome of Ashen Fire
 43390 | Elf:3    | Learned a level 6 spell: Iron Shot
 43401 | Elf:3    | Identified the +1 robe of Mekhloqe {rPois MP+9 Stlth+} (You
                  | found it on level 3 of the Elven Halls)
 43440 | Elf:3    | Got a crude pewter ring
 43441 | Elf:3    | Identified the ring "Temet" {Int+3 Dex+2 Slay+2} (You found
                  | it on level 3 of the Elven Halls)
 43686 | Vaults:1 | Entered Level 1 of the Vaults
 43940 | Vaults:1 | Reached skill level 15 in Conjurations
 44770 | Vaults:1 | Found Hell's Gadget Shop.
 44777 | Vaults:1 | Bought a wand of acid (3) for 252 gold pieces
 44777 | Vaults:1 | Bought a wand of acid (7) for 396 gold pieces
 44777 | Vaults:1 | Bought a wand of acid (6) for 360 gold pieces
 45550 | Vaults:2 | Noticed Mara
 45552 | Vaults:2 | Noticed Haet's illusion
 45556 | Vaults:1 | Noticed Haet's illusion
 45559 | Vaults:1 | Killed Mara
 45994 | Vaults:2 | Reached skill level 1 in Shields
 46074 | Vaults:2 | Noticed Jory
 46368 | Vaults:2 | Killed Jory
 46368 | Vaults:2 | Reached skill level 5 in Shields
 46447 | Vaults:2 | Paralysed by a sphinx for 3 turns
 46478 | Vaults:2 | Reached XP level 21. HP: 113/132 MP: 34/34
 46680 | Vaults:2 | Found a staircase to the Crypt.
 46680 | Vaults:2 | Found an ancient bone altar of Kikubaaqudgha.
 46681 | Vaults:2 | Found a basalt altar of Yredelemnul.
 47227 | Vaults:2 | Found Ylumnaav's Jewellery Boutique.
 47794 | Vaults:2 | Reached skill level 10 in Shields
 47897 | Vaults:2 | Found a blossoming altar of Fedhas.
 49342 | Vaults:3 | Gained mutation: You possess an exceptional clarity of
                  | mind. [evolution]
 50424 | Vaults:4 | Reached XP level 22. HP: 127/138 MP: 30/35
 51550 | Vaults:4 | Identified the Catalogue of the Spatial Glacier
 52382 | Vaults:4 | Learned a level 9 spell: Shatter
 52934 | Vaults:5 | Entered Level 5 of the Vaults
 52995 | Vaults:4 | Gained mutation: You are frail. (-10% HP) [mutagenic glow]
 53030 | Vaults:4 | Gained mutation: Your magical capacity is very low. (-20%
                  | MP) [mutagenic glow]
 53094 | Vaults:4 | Lost mutation: Your magical capacity is very low. (-20% MP)
                  | [potion of mutation]
 53094 | Vaults:4 | Lost mutation: You are partially covered in thin metallic
                  | scales. (AC +2) [potion of mutation]
 53094 | Vaults:4 | Lost mutation: You passively map a small area around you.
                  | [potion of mutation]
 53094 | Vaults:4 | Gained mutation: You have sharp toenails. [potion of
                  | mutation]
 53094 | Vaults:4 | Gained mutation: Scrolls take you a little longer to read.
                  | [potion of mutation]
 53094 | Vaults:4 | Lost mutation: Your magical capacity is low. (-10% MP)
                  | [potion of mutation]
 53094 | Vaults:4 | Gained mutation: You are surrounded by a mild repulsion
                  | field. (EV +2) [potion of mutation]
 53134 | Vaults:5 | Noticed a golden dragon
 53282 | Vaults:4 | Lost mutation: Scrolls take you a little longer to read.
                  | [evolution]
 53307 | Vaults:4 | Reached XP level 23. HP: 63/129 MP: 7/40
 53310 | Vaults:4 | Killed a golden dragon
 53310 | Vaults:4 | Reached skill level 15 in Fighting
 53326 | Vaults:4 | Gained mutation: Your magical capacity is low. (-10% MP)
                  | [mutagenic glow]
 54599 | Vaults:5 | Identified the ring of Uzumu {rF+ rN++ Dex+2} (You found it
                  | on level 5 of the Vaults)
 54628 | Vaults:5 | Identified the +4 glaive of Datuxan {freeze, rPois rF+
                  | Str+4}
 55521 | Vaults:5 | Identified the +11 great sword "Qun Heor" {protect, *Rage
                  | rC++ rN+++ Dex-5}
 55642 | Vaults:5 | Found Degoqoad's Assorted Antiques.
 55645 | Vaults:5 | Bought a scroll of teleportation for 126 gold pieces
 55645 | Vaults:5 | Bought a leatherbound book for 630 gold pieces
 55645 | Vaults:5 | Bought a scroll of teleportation for 126 gold pieces
 55645 | Vaults:5 | Bought an embroidered scarf for 336 gold pieces
 56010 | Vaults:5 | Got a silver rune of Zot
 56020 | Vaults:5 | Found the +5 robe of Misfortune {*Contam Harm *Corrode
                  | *Drain *Slow EV+5}
 56347 | Crypt:1  | Entered Level 1 of the Crypt
 56428 | Crypt:1  | Reached skill level 15 in Fire Magic
 56597 | Crypt:1  | Reached XP level 24. HP: 108/135 MP: 17/36
 56676 | Crypt:1  | Found a runed translucent gate.
 56680 | Crypt:1  | Found a runed translucent gate.
 56681 | Crypt:1  | Found a runed translucent gate.
 57697 | Crypt:2  | Learned a level 8 spell: Ignition
 58200 | Crypt:3  | Entered Level 3 of the Crypt
 58210 | Crypt:3  | Noticed Boris
 58215 | Crypt:3  | Killed Boris
 58253 | Crypt:3  | Noticed Frederick
 58266 | Crypt:3  | Killed Frederick
 58315 | Crypt:3  | Paralysed by something for 5 turns
 58867 | Crypt:3  | Found a staircase to the Tomb.
 59293 | Crypt:3  | Found a basalt altar of Yredelemnul.
 59334 | Crypt:3  | Noticed an ancient lich
 59347 | Crypt:3  | Killed an ancient lich
 59357 | Crypt:3  | Reached XP level 25. HP: 124/140 MP: 36/37
 59541 | Crypt:3  | Lost mutation: You are frail. (-10% HP) [evolution]
 59686 | Crypt:3  | Identified the ring "Utemisy" {rPois rN+ SInv}
 60908 | Snake:4  | Got a serpentine rune of Zot
 61595 | Depths:1 | Entered Level 1 of the Depths
 61670 | Depths:1 | Reached skill level 15 in Spellcasting
 61924 | Depths:1 | Found a gateway to Hell.
 62178 | Depths:1 | Reached XP level 26. HP: 157/164 MP: 37/37
 62182 | Depths:1 | Identified the ring "Renlin" {MR+ Str+5 SInv} (You acquired
                  | it on level 1 of the Depths)
 62350 | Depths:1 | Found a one-way gate leading to the halls of Pandemonium.
 62492 | Depths:2 | Noticed Boris
 62523 | Depths:2 | Found a one-way gate to the infinite horrors of the Abyss.
 62541 | Depths:2 | Killed Boris
 62558 | Depths:2 | Found a flickering gateway to a bazaar.
 62567 | Bazaar   | Entered a bazaar
 62591 | Bazaar   | Found Linomiuc's Food Emporium.
 62612 | Bazaar   | Found Sess's General Store.
 62612 | Bazaar   | Found Mioprics's Antique Weapon Shoppe.
 62639 | Bazaar   | Found Xuynel's General Store.
 62639 | Bazaar   | Found Yzoigoem's Gadget Shoppe.
 62666 | Bazaar   | Found Reifaekk's Book Shoppe.
 62672 | Bazaar   | Bought a manual of Polearms for 772 gold pieces
 62743 | Bazaar   | Bought a potion of mutation for 128 gold pieces
 62765 | Bazaar   | Bought a ration for 40 gold pieces
 62765 | Bazaar   | Bought a ration for 40 gold pieces
 62765 | Bazaar   | Bought a ration for 40 gold pieces
 62765 | Bazaar   | Bought a ration for 40 gold pieces
 62765 | Bazaar   | Bought a ration for 40 gold pieces
 62765 | Bazaar   | Bought a ration for 40 gold pieces
 62765 | Bazaar   | Bought a ration for 40 gold pieces
 62765 | Bazaar   | Bought a ration for 40 gold pieces
 62765 | Bazaar   | Bought a ration for 40 gold pieces
 62765 | Bazaar   | Bought a ration for 40 gold pieces
 62765 | Bazaar   | Bought a ration for 40 gold pieces
 62765 | Bazaar   | Bought a ration for 40 gold pieces
 62887 | Depths:2 | Identified the amulet "Keosesovo" {Spirit Str+4}
 63199 | Depths:2 | Found the +9 heavy crossbow "Sniper" {vorpal, Acc+∞ SInv}
 63202 | Depths:2 | Identified Ecsam's Early Guide to the Arcane Arts
 63311 | Depths:2 | Noticed Asterion
 63316 | Depths:2 | Lost mutation: You possess an exceptional clarity of mind.
                  | [a cacodemon]
 63319 | Depths:2 | Killed Asterion
 63344 | Depths:2 | Noticed an ancient lich
 63348 | Depths:2 | Reached skill level 15 in Shields
 63351 | Depths:2 | Killed an ancient lich
 63420 | Depths:2 | Identified the Almanac of Dusty Enchantment
 64120 | Depths:2 | Found the +6 Majin-Bo {vamp, Archmagi MP+6 Int+6}
 64557 | Depths:3 | Noticed the Enchantress
 64560 | Depths:3 | Killed the Enchantress
 65089 | Depths:3 | Reached XP level 27. HP: 170/170 MP: 38/38
 65117 | Depths:3 | Learned a level 9 spell: Fire Storm
 65378 | Depths:3 | Got a steaming golden ring
 65379 | Depths:3 | Identified the ring of Vywkiryo {rC+ rN+ MR- Str+2 SInv}
                  | (You found it on level 3 of the Depths)
 65479 | Hell     | Entered the Vestibule of Hell
 65479 | Hell     | Noticed Geryon
 65567 | Hell     | Noticed Murray
 65571 | Hell     | Killed Murray
 65876 | Hell     | Killed Geryon
 65977 | D:14     | Gained mutation: You have razor-sharp toenails. [evolution]
 66052 | D:13     | You paid a toll of the horn of Geryon to enter a treasure
                  | trove
 66053 | Trove    | Entered a treasure trove
 66058 | Trove    | Found the ring of Shadows {Umbra +Inv Stlth+}
 66069 | Trove    | Got a coiled tin ring
 66073 | Trove    | Got a shimmering bone amulet
 66075 | Trove    | Got a fine amber ring
 66077 | Trove    | Got a shimmering zirconium amulet
 66079 | Trove    | Got a brightly glowing platinum amulet
 66081 | Trove    | Got an ancient crystal amulet
 66087 | Trove    | Got a faintly glowing bone ring
 66097 | Trove    | Identified the amulet of Jojuusuc {Reflect rPois rC- Dex+7
                  | SH+4} (You found it in a treasure trove)
 66119 | D:13     | Identified the ring of Hedonism {rPois Str+3 Int+3} (You
                  | found it in a treasure trove)
 66124 | D:13     | Identified the amulet of Lunkageu {Reflect *Slow +Blink
                  | rElec rC+ Int+2 SH+2} (You found it in a treasure trove)
 66131 | D:13     | Identified the ring "Iqijoxul" {*Tele rF- rN++ MR+ Stlth+}
                  | (You found it in a treasure trove)
 66134 | D:13     | Identified the amulet "Kethal" {RegenMP Str+6} (You found
                  | it in a treasure trove)
 66141 | D:13     | Identified the ring "Xiecify" {rF+ Str+2 Int+5} (You found
                  | it in a treasure trove)
 66151 | D:13     | Identified the amulet "Mujasoem" {Spirit rElec} (You found
                  | it in a treasure trove)
 66157 | D:13     | Identified the amulet of Terra Nullius {Spirit rElec Str-2
                  | Dex+5 Slay+4} (You found it in a treasure trove)
 66432 | Slime:1  | Entered Level 1 of the Pits of Slime
 66506 | Slime:2  | Gained mutation: You are dopey. (Int -2) [a shining eye]
 66524 | Slime:2  | Gained mutation: You are weak. (Str -2) [a shining eye]
 66945 | Slime:5  | Entered Level 5 of the Pits of Slime
 66948 | Slime:5  | Lost mutation: You are weak. (Str -2) [a shining eye]
 66953 | Slime:5  | Gained mutation: Armour fits poorly on your strangely
                  | shaped body. [a shining eye]
 67095 | Slime:5  | Noticed the Royal Jelly
 67102 | Slime:5  | Killed the Royal Jelly
 67530 | Slime:5  | Identified the Tome of Dusty Combat Magic (You acquired it
                  | on level 5 of the Pits of Slime)
 67642 | Slime:5  | Got a slimy rune of Zot
 67661 | Slime:5  | Identified the amulet "Dajev" {Faith rPois MP-9 Str+2
                  | Slay+6} (You found it on level 5 of the Pits of Slime)
 67779 | Lair:5   | Lost mutation: You rapidly evolve. [potion of mutation]
 67779 | Lair:5   | Lost mutation: You are dopey. (Int -2) [potion of mutation]
 67779 | Lair:5   | Lost mutation: You are surrounded by a mild repulsion
                  | field. (EV +2) [potion of mutation]
 67779 | Lair:5   | Gained mutation: You rapidly evolve. [potion of mutation]
 67779 | Lair:5   | Gained mutation: You have claws for feet. [potion of
                  | mutation]
 68073 | Depths:4 | Found a magical portal.
 68722 | WizLab   | Identified Iskenderun's Disquisition on Attacks
 68722 | WizLab   | Identified Iskenderun's Handbook of Attacks
 68878 | WizLab   | Identified Sif Muna's Guide on Protection and Moulding
 68971 | WizLab   | Got a distressingly furry leather armour
 69027 | Depths:4 | Reached skill level 15 in Dodging
 69409 | Depths:4 | Identified the +1 falchion of Valiance {venom, Str+2}
 69425 | Depths:4 | Identified the cursed +1 hand axe of the First Planets
                  | {vorpal, MR++ Str-2 Int+6}
 69426 | Depths:4 | Identified the ring of Discord {rPois Str+3}
 69466 | Depths:4 | Gained mutation: You are agile. (Dex +2) [evolution]
 69517 | Depths:4 | Identified the +3 leather armour of New Discoveries {rElec
                  | rF+ Int+4 Dex+4} (You found it in a wizard's laboratory)
 69536 | Depths:4 | Got a distressingly furry hat
 69547 | Depths:4 | Identified the cursed +0 hat "Aqakh" {Str-4 Int+5} (You
                  | found it on level 4 of the Depths)
 69565 | Depths:4 | Found a transporter.
 69573 | Depths:4 | Found a transporter.
 69899 | Depths:5 | Entered Level 5 of the Depths
 69921 | Depths:5 | Found Ukhinir's Assorted Antiques.
 69929 | Depths:5 | Bought a scroll of identify for 106 gold pieces
 69929 | Depths:5 | Bought a scroll of identify for 106 gold pieces
 69935 | Depths:5 | Found a gateway to a ziggurat.
 69986 | Depths:5 | Found Lose Rel's Book Emporium.
 70034 | Depths:5 | Found a flickering gateway to a bazaar.
 70041 | Bazaar   | Entered a bazaar
 70041 | Bazaar   | Found Ineloqio's General Store.
 70058 | Bazaar   | Found Mesan's Jewellery Shop.
 70067 | Bazaar   | Found Zixeah's Magic Scroll Emporium.
 70075 | Bazaar   | Bought a scroll of teleportation for 27 gold pieces
 70075 | Bazaar   | Bought a scroll of identify for 18 gold pieces
 70075 | Bazaar   | Bought a scroll of identify for 18 gold pieces
 70075 | Bazaar   | Bought a scroll of identify for 18 gold pieces
 70075 | Bazaar   | Bought a scroll of teleportation for 27 gold pieces
 70088 | Bazaar   | Found Vuptoing's Armour Emporium.
 70130 | Bazaar   | Bought a ration for 60 gold pieces
 70208 | Depths:5 | Found a gate to the Realm of Zot.
 71653 | Zig:1    | Entered Level 1 of a ziggurat
 71674 | Zig:2    | Entered Level 2 of a ziggurat
 71697 | Zig:3    | Entered Level 3 of a ziggurat
 71698 | Zig:3    | Noticed a greater mummy
 71700 | Zig:3    | Killed a greater mummy
 71801 | Zig:4    | Entered Level 4 of a ziggurat
 71804 | Zig:4    | Noticed a greater mummy
 71808 | Zig:4    | Killed a greater mummy
 71996 | Zig:5    | Entered Level 5 of a ziggurat
 72032 | Zig:5    | Identified Plog's Grimoire of Doomed Snow
 72038 | Zig:6    | Entered Level 6 of a ziggurat
 72070 | Zig:6    | Got a scorched glass ring
 72071 | Zig:6    | Identified the ring "Wisiunis" {rPois MP+9 Int+6 Stlth+}
                  | (You found it on level 6 of a ziggurat)
 72165 | Zig:7    | Entered Level 7 of a ziggurat
 72171 | Zig:7    | Noticed Sialuow the pandemonium lord
 72175 | Zig:7    | Killed Sialuow the pandemonium lord
 72385 | Zig:7    | Identified the Incunabulum of Distant Shores
 72403 | Zig:8    | Entered Level 8 of a ziggurat
 72639 | Zig:8    | Identified the Compendium of Ashen Fire
 72655 | Zig:9    | Entered Level 9 of a ziggurat
 72826 | Zig:10   | Entered Level 10 of a ziggurat
 73013 | Zig:10   | Identified the Volume of Heat
 73027 | Zig:11   | Entered Level 11 of a ziggurat
 73039 | Zig:11   | Noticed a juggernaut
 73042 | Zig:11   | Killed a juggernaut
 73116 | Zig:12   | Entered Level 12 of a ziggurat
 73159 | Zig:12   | Identified the +9 demon trident "Plog" {freeze, rF+ Int+3}
                  | (You acquired it on level 12 of a ziggurat)
 73160 | Zig:12   | Identified the +1 ring mail of the Gastropod {Dex+4} (You
                  | acquired it on level 12 of a ziggurat)
 73226 | Zig:13   | Entered Level 13 of a ziggurat
 73245 | Zig:13   | Reached skill level 15 in Polearms
 73552 | Zig:14   | Entered Level 14 of a ziggurat
 73788 | Zig:14   | Identified the Tome of Feathery Flames
 73796 | Zig:14   | Got a warped bronze ring
 73797 | Zig:14   | Identified the ring of Giagoegh {rElec Int+2} (You found it
                  | on level 14 of a ziggurat)
 73804 | Zig:15   | Entered Level 15 of a ziggurat
 73820 | Zig:15   | Noticed an ancient lich
 73823 | Zig:15   | Reached skill level 10 in Armour
 73824 | Zig:15   | Killed an ancient lich
 73855 | Zig:15   | Lost mutation: Armour fits poorly on your strangely shaped
                  | body. [evolution]
 73876 | Zig:15   | Got a glittering gossamer ring
 73877 | Zig:15   | Identified the ring of the Invisible Stars {rPois rF+} (You
                  | found it on level 15 of a ziggurat)
 73924 | Zig:16   | Entered Level 16 of a ziggurat
 73999 | Zig:17   | Entered Level 17 of a ziggurat
 74030 | Zig:17   | Found the ring of the Octopus King
 74043 | Zig:17   | Identified the +4 cloak of Existentialism {rPois rCorr
                  | Int+4} (You found it on level 17 of a ziggurat)
 74071 | Zig:17   | Got a glittering bronze amulet
 74072 | Zig:17   | Identified the amulet "Epicw" {rN+ Regen+ Str-2 Int+3
                  | Dex+4} (You found it on level 17 of a ziggurat)
 74103 | Zig:18   | Entered Level 18 of a ziggurat
 74133 | Zig:18   | Found the +3 hat of Pondering {ponderous, MR+ MP+10 Int+5}
 74155 | Zig:18   | Identified Totufywk's Compendium of Evil Arts and
                  | Displacement
 74183 | Zig:18   | Identified the Volume of Flight and the Voyage
 74191 | Zig:19   | Entered Level 19 of a ziggurat
 74213 | Zig:19   | Noticed an ancient lich
 74236 | Zig:19   | Killed an ancient lich
 74450 | Zig:19   | Got a brightly glowing golden ring
 74451 | Zig:19   | Identified the ring "Kearych" {rElec rC+++ Str-5 Int+3
                  | SInv} (You found it on level 19 of a ziggurat)
 74494 | Zig:20   | Entered Level 20 of a ziggurat
 74694 | Zig:20   | Got a glittering marble ring
 74695 | Zig:20   | Identified the ring "Viriecs" {*Tele rPois rN+ MR+ Slay-2}
                  | (You found it on level 20 of a ziggurat)
 74704 | Zig:21   | Entered Level 21 of a ziggurat
 74733 | Zig:21   | Reached skill level 15 in Armour
 75130 | Zig:21   | Found the +27 Lear's hauberk
 75181 | Zig:21   | Identified the Grimoire of the Traveller
 75187 | Zig:22   | Entered Level 22 of a ziggurat
 75203 | Zig:22   | Noticed an ancient lich
 75205 | Zig:22   | Noticed an ancient lich
 75206 | Zig:22   | Noticed an ancient lich
 75206 | Zig:22   | Noticed an ancient lich
 75210 | Zig:22   | Killed an ancient lich
 75210 | Zig:22   | Killed an ancient lich
 75210 | Zig:22   | Killed an ancient lich
 75210 | Zig:22   | Noticed an ancient lich
 75211 | Zig:22   | Killed an ancient lich
 75213 | Zig:22   | Killed an ancient lich
 75215 | Zig:22   | Killed an ancient lich
 75215 | Zig:22   | Noticed an ancient lich
 75216 | Zig:22   | Killed an ancient lich
 75311 | Zig:22   | Lost mutation: Your magical capacity is low. (-10% MP)
                  | [evolution]
 75332 | Zig:22   | Got a shimmering wooden ring
 75333 | Zig:22   | Identified the ring "Zona" {Wiz rN+ Int+2 Stlth+} (You
                  | found it on level 22 of a ziggurat)
 75349 | Zig:23   | Entered Level 23 of a ziggurat
 75375 | Zig:23   | Noticed an ancient lich
 75378 | Zig:23   | Killed an ancient lich
 75426 | Zig:23   | Got a heavily runed glass ring
 75428 | Zig:23   | Identified the ring of Fatigue {*Corrode rC+ rN+ Str+2
                  | Int+4 Stlth+} (You found it on level 23 of a ziggurat)
 75439 | Zig:23   | Identified the Disquisition on the Traveller and the
                  | Arsonist
 75456 | Zig:23   | Got a vibrating granite ring
 75457 | Zig:23   | Identified the ring "Pualeu Foim" {rN++ MR- Str+9 Slay+5
                  | Stlth-} (You found it on level 23 of a ziggurat)
 75466 | Zig:24   | Entered Level 24 of a ziggurat
 75492 | Zig:24   | Noticed Qeushrest the pandemonium lord
 75494 | Zig:24   | Killed Qeushrest the pandemonium lord
 75929 | Zig:24   | Found the +2 robe of Vines {NoPotionHeal Regen+7}
 75931 | Zig:24   | Found the +3 pair of gauntlets of War {Slay+5}
 75977 | Zig:24   | Learned a level 9 spell: Glaciate
 75977 | Zig:24   | Identified the Grimoire of the Birds and the Volcanoes
 75981 | Zig:24   | Reached skill level 5 in Ice Magic
 75982 | Zig:24   | Identified the Volume of the Tired Allies
 75985 | Zig:24   | Identified the cursed +0 pair of boots of the Secret Gods
                  | {rPois rF+ rC- Regen+} (You found it on level 24 of a
                  | ziggurat)
 76002 | Zig:24   | Got a faintly glowing sapphire amulet
 76004 | Zig:24   | Identified the amulet "Paequtzid" {Gourm Dex+2 Slay+5} (You
                  | found it on level 24 of a ziggurat)
 76008 | Zig:24   | Identified the ring "Sed Ugeo" {Wiz rF+ Str+2 Int+2 Dex-2}
                  | (You found it on level 24 of a ziggurat)
 76019 | Zig:25   | Entered Level 25 of a ziggurat
 76050 | Zig:25   | Noticed an orb of fire
 76051 | Zig:25   | Noticed an orb of fire
 76052 | Zig:25   | Noticed an orb of fire
 76052 | Zig:25   | Noticed an orb of fire
 76055 | Zig:25   | Noticed an orb of fire
 76055 | Zig:25   | Noticed an orb of fire
 76056 | Zig:25   | Killed an orb of fire
 76056 | Zig:25   | Killed an orb of fire
 76057 | Zig:25   | Killed an orb of fire
 76057 | Zig:25   | Gained mutation: Your spells are a little easier to cast,
                  | but a little less powerful. [an orb of fire]
 76058 | Zig:25   | Killed an orb of fire
 76060 | Zig:25   | Killed an orb of fire
 76061 | Zig:25   | Noticed an orb of fire
 76065 | Zig:25   | Killed an orb of fire
 76067 | Zig:25   | Killed an orb of fire
 76068 | Zig:25   | Reached skill level 10 in Ice Magic
 76412 | Zig:25   | Lost mutation: You are agile. (Dex +2) [potion of mutation]
 76412 | Zig:25   | Lost mutation: Your spells are a little easier to cast, but
                  | a little less powerful. [potion of mutation]
 76412 | Zig:25   | Lost mutation: You rapidly evolve. [potion of mutation]
 76412 | Zig:25   | Gained mutation: You tend to lose your temper in combat.
                  | [potion of mutation]
 76412 | Zig:25   | Gained mutation: You have a somewhat thin skeletal
                  | structure. (Dex +2, Stealth) [potion of mutation]
 76412 | Zig:25   | Gained mutation: You are covered in thick fur. (AC +2)
                  | [potion of mutation]
 76413 | Zig:25   | Lost mutation: You evolve. [potion of mutation]
 76413 | Zig:25   | Lost mutation: You are partially covered in yellow scales.
                  | (AC +2) [potion of mutation]
 76413 | Zig:25   | Lost mutation: You are resistant to hostile enchantments.
                  | (MR+) [potion of mutation]
 76413 | Zig:25   | Lost mutation: You tend to lose your temper in combat.
                  | [potion of mutation]
 76413 | Zig:25   | Gained mutation: You expend magic power (3 MP) to
                  | strengthen your wands. [potion of mutation]
 76413 | Zig:25   | Gained mutation: Your mind is acute. (Int +2) [potion of
                  | mutation]
 76423 | Zig:25   | Identified the Volume of the Fetching Voyage
 76426 | Zig:25   | Got a shimmering tin ring
 76436 | Zig:25   | Got a transparent amethyst amulet
 76445 | Zig:26   | Entered Level 26 of a ziggurat
 76584 | Zig:26   | Identified the Tome of Enthralling Flight
 76591 | Zig:26   | Identified the Almanac of Execration and the Compass
 76594 | Zig:26   | Identified the ring "Ustroozox" {MR+ Stlth+} (You found it
                  | on level 25 of a ziggurat)
 76613 | Zig:26   | Identified the amulet "Uqosuzuphu" {Acrobat rElec Int+3
                  | Dex-3} (You found it on level 25 of a ziggurat)
 76618 | Zig:26   | Identified the +2 trident "Egeci" {venom, MP+9 Stlth+} (You
                  | acquired it on level 26 of a ziggurat)
 76618 | Zig:26   | Identified the +5 kite shield of the Pure Songs {rC++ rCorr
                  | Int+3} (You acquired it on level 26 of a ziggurat)
 76627 | Zig:26   | Identified Uptid's Volume of Moulding and the Oath
 76642 | Zig:27   | Entered Level 27 of a ziggurat
 76692 | Zig:27   | Found the +2 Maxwell's thermic engine {flame, freeze}
 76732 | Zig:27   | Identified the Tome of Attacks
 76734 | Zig:27   | Identified Sif Muna's Volume of Battle Magic and Curses
 76903 | Depths:2 | Voluntarily entered the Abyss.
 76912 | Abyss:1  | Identified the Catalogue of Cankerous Air
 76929 | Abyss:1  | Found a corrupted altar of Lugonu.
 77486 | Abyss:3  | Got an abyssal rune of Zot
 77499 | Depths:2 | Escaped the Abyss
 77546 | Zig:1    | Entered Level 1 of a ziggurat
 77662 | Zig:2    | Entered Level 2 of a ziggurat
 77663 | Zig:2    | Noticed Jytaum the pandemonium lord
 77668 | Zig:2    | Killed Jytaum the pandemonium lord
 77785 | Zig:3    | Entered Level 3 of a ziggurat
 77820 | Zig:3    | Identified the +0 pair of gloves of Happiness {Dex+6} (You
                  | acquired it on level 3 of a ziggurat)
 77827 | Zig:4    | Entered Level 4 of a ziggurat
 77857 | Zig:5    | Entered Level 5 of a ziggurat
 77864 | Zig:5    | Noticed an ancient lich
 77865 | Zig:5    | Killed an ancient lich
 77998 | Zig:6    | Entered Level 6 of a ziggurat
 78104 | Zig:7    | Entered Level 7 of a ziggurat
 78111 | Zig:7    | Noticed Yzocag the pandemonium lord
 78115 | Zig:7    | Killed Yzocag the pandemonium lord
 78237 | Zig:7    | Identified the Almanac of Burning Orientation
 78244 | Zig:8    | Entered Level 8 of a ziggurat
 78254 | Zig:8    | Reached skill level 15 in Ice Magic
 78281 | Zig:8    | Identified the Reference Book on Darkness and Poisoning
 78298 | Zig:9    | Entered Level 9 of a ziggurat
 78418 | Zig:9    | Got a glittering lapis lazuli ring
 78419 | Zig:9    | Identified the ring of the Saviour {EV+5 Dex+3} (You found
                  | it on level 9 of a ziggurat)
 78427 | Zig:9    | Identified the +3 leather armour of Inquiry {rPois Dex+5}
                  | (You found it on level 9 of a ziggurat)
 78431 | Zig:9    | Identified the +6 leather armour of the Turtle {-Cast rF+
                  | rCorr} (You found it on level 9 of a ziggurat)
 78438 | Zig:10   | Entered Level 10 of a ziggurat
 78575 | Zig:10   | Got a bound brass ring
 78576 | Zig:10   | Identified the ring "Dorha" {Str+2 Dex+2 SInv} (You found
                  | it on level 10 of a ziggurat)
 78590 | Zig:11   | Entered Level 11 of a ziggurat
 78697 | Zig:12   | Entered Level 12 of a ziggurat
 78743 | Zig:12   | Identified Kaloisej's Reference Book on the Frostbite
 78745 | Zig:12   | Identified Sif Muna's Incunabulum of Damaging Moulding
 78751 | Zig:12   | Got an ancient turquoise ring
 78752 | Zig:12   | Identified the ring of the Republic {rF+ MR+ MP+9} (You
                  | found it on level 12 of a ziggurat)
 78760 | Zig:13   | Entered Level 13 of a ziggurat
 78775 | Zig:13   | Found the amulet of the Four Winds {rN+ MR+++ Clar}
 78827 | Zig:14   | Entered Level 14 of a ziggurat
 78902 | Zig:15   | Entered Level 15 of a ziggurat
 79134 | Zig:15   | Got a smoking bone ring
 79135 | Zig:15   | Identified the ring "Voet" {+Fly rPois} (You found it on
                  | level 15 of a ziggurat)
 79164 | Zig:16   | Entered Level 16 of a ziggurat
 79179 | Zig:16   | Noticed an ancient lich
 79181 | Zig:16   | Noticed an ancient lich
 79183 | Zig:16   | Killed an ancient lich
 79183 | Zig:16   | Killed an ancient lich
 79189 | Zig:16   | Found the +6 lightning scales {run, rElec}
 79288 | Zig:17   | Entered Level 17 of a ziggurat
 79296 | Zig:17   | Noticed a greater mummy
 79296 | Zig:17   | Noticed a greater mummy
 79301 | Zig:17   | Killed a greater mummy
 79301 | Zig:17   | Noticed a greater mummy
 79302 | Zig:17   | Noticed a greater mummy
 79303 | Zig:17   | Killed a greater mummy
 79303 | Zig:17   | Noticed a greater mummy
 79305 | Zig:17   | Killed a greater mummy
 79315 | Zig:17   | Killed a greater mummy
 79317 | Zig:17   | Killed a greater mummy
 79317 | Zig:17   | Noticed a greater mummy
 79318 | Zig:17   | Noticed a greater mummy
 79320 | Zig:17   | Noticed a greater mummy
 79320 | Zig:17   | Killed a greater mummy
 79323 | Zig:17   | Killed a greater mummy
 79325 | Zig:17   | Killed a greater mummy
 79325 | Zig:17   | Noticed a greater mummy
 79326 | Zig:17   | Noticed a greater mummy
 79326 | Zig:17   | Noticed a greater mummy
 79329 | Zig:17   | Killed a greater mummy
 79333 | Zig:17   | HP: 9/196 [something (28)]
 79333 | Zig:17   | Killed a greater mummy
 79342 | Zig:17   | Noticed a greater mummy
 79349 | Zig:18   | Entered Level 18 of a ziggurat
 79722 | Zig:18   | Identified the Volume of Shifting Snow
 79836 | Zig:19   | Entered Level 19 of a ziggurat
 79944 | Zig:19   | Found the +5 scythe "Finisher" {speed, eviscerate}
 79962 | Zig:19   | Identified the +2 robe of Guiw {rElec rF+ rN+} (You found
                  | it on level 19 of a ziggurat)
 79978 | Zig:20   | Entered Level 20 of a ziggurat
 79999 | Zig:20   | Reached skill level 27 in Fighting
 80028 | Zig:20   | Found the +10 Black Knight's horse barding {ponderous,
                  | rPois rN+}
 80275 | Zig:20   | Identified the +1 robe of Pride {rC+ Str+3 Int+4} (You
                  | found it on level 20 of a ziggurat)
 80277 | Zig:20   | Got a serpentine platinum ring
 80278 | Zig:20   | Identified the ring "Wocut" {Dex+4 Stlth+} (You found it on
                  | level 20 of a ziggurat)
 80307 | Zig:21   | Entered Level 21 of a ziggurat
 80325 | Zig:21   | Noticed an ancient lich
 80330 | Zig:21   | Killed an ancient lich
 80570 | Zig:22   | Entered Level 22 of a ziggurat
 80811 | Zig:22   | Found the +15 Maxwell's patent armour {-Cast -Tele rElec
                  | MR+ rCorr}
 80868 | Zig:22   | Got a faintly glowing lead ring
 80869 | Zig:22   | Identified the ring of Kicka {rC+ EV+3} (You found it on
                  | level 22 of a ziggurat)
 80883 | Zig:22   | Got a brightly glowing bronze ring
 80884 | Zig:22   | Identified the ring "Arooppor" {Wiz rElec SInv} (You found
                  | it on level 22 of a ziggurat)
 80898 | Zig:23   | Entered Level 23 of a ziggurat
 80918 | Zig:23   | Noticed a juggernaut
 80921 | Zig:23   | Killed a juggernaut
 80921 | Zig:23   | Noticed a juggernaut
 80924 | Zig:23   | Killed a juggernaut
 80968 | Zig:23   | Found the +4 moon troll leather armour {Spirit, Regen++
                  | MP+5}
 80971 | Zig:23   | Found the ring of the Mage {Wiz MR++ Int+3}
 81034 | Zig:24   | Entered Level 24 of a ziggurat
 81047 | Zig:24   | Noticed Ukack the pandemonium lord
 81052 | Zig:24   | Noticed Esoap the pandemonium lord
 81054 | Zig:24   | Noticed Puet the pandemonium lord
 81054 | Zig:24   | Noticed Gipruut the pandemonium lord
 81054 | Zig:24   | Noticed Leimepn the pandemonium lord
 81054 | Zig:24   | Noticed Leipihag the pandemonium lord
 81054 | Zig:24   | Noticed Kelius the pandemonium lord
 81054 | Zig:24   | Noticed Ruigiocs the pandemonium lord
 81054 | Zig:24   | Noticed Qeuc the pandemonium lord
 81054 | Zig:24   | Noticed Kanonaun the pandemonium lord
 81054 | Zig:24   | Noticed Teim the pandemonium lord
 81054 | Zig:24   | Noticed Taginafu the pandemonium lord
 81054 | Zig:24   | Noticed Cixaghyc the pandemonium lord
 81054 | Zig:24   | Noticed Afachiqi the pandemonium lord
 81054 | Zig:24   | Noticed Roiqaheu the pandemonium lord
 81055 | Zig:24   | Killed Cixaghyc the pandemonium lord
 81055 | Zig:24   | Reached skill level 27 in Spellcasting
 81055 | Zig:24   | Noticed Otworol the pandemonium lord
 81055 | Zig:24   | Noticed Kixewusk the pandemonium lord
 81056 | Zig:24   | Killed Afachiqi the pandemonium lord
 81056 | Zig:24   | Killed Leipihag the pandemonium lord
 81057 | Zig:24   | Killed Gipruut the pandemonium lord
 81057 | Zig:24   | Killed Taginafu the pandemonium lord
 81057 | Zig:24   | Killed Kanonaun the pandemonium lord
 81057 | Zig:24   | Noticed Wezamodi the pandemonium lord
 81057 | Zig:24   | Noticed Powoy the pandemonium lord
 81059 | Zig:24   | Killed Esoap the pandemonium lord
 81060 | Zig:24   | Killed Kelius the pandemonium lord
 81060 | Zig:24   | Killed Ukack the pandemonium lord
 81060 | Zig:24   | Killed Qeuc the pandemonium lord
 81061 | Zig:24   | Killed Leimepn the pandemonium lord
 81062 | Zig:24   | Killed Puet the pandemonium lord
 81062 | Zig:24   | Killed Teim the pandemonium lord
 81062 | Zig:24   | Killed Ruigiocs the pandemonium lord
 81062 | Zig:24   | Killed Otworol the pandemonium lord
 81063 | Zig:24   | Killed Roiqaheu the pandemonium lord
 81063 | Zig:24   | Noticed Vamoe the pandemonium lord
 81064 | Zig:24   | Killed Wezamodi the pandemonium lord
 81065 | Zig:24   | Noticed Kaffipn the pandemonium lord
 81065 | Zig:24   | Noticed Izuef the pandemonium lord
 81067 | Zig:24   | Noticed Coupumu the pandemonium lord
 81067 | Zig:24   | Noticed Liboir the pandemonium lord
 81068 | Zig:24   | Killed Izuef the pandemonium lord
 81068 | Zig:24   | Killed Vamoe the pandemonium lord
 81068 | Zig:24   | Noticed Ickeklucs the pandemonium lord
 81068 | Zig:24   | Noticed Idauwed the pandemonium lord
 81068 | Zig:24   | Noticed Oralim the pandemonium lord
 81068 | Zig:24   | Noticed Tyix the pandemonium lord
 81068 | Zig:24   | Noticed Coacomn the pandemonium lord
 81069 | Zig:24   | Noticed Ykhusm the pandemonium lord
 81069 | Zig:24   | Killed Kixewusk the pandemonium lord
 81069 | Zig:24   | Killed Liboir the pandemonium lord
 81069 | Zig:24   | Killed Idauwed the pandemonium lord
 81069 | Zig:24   | Killed Oralim the pandemonium lord
 81069 | Zig:24   | Killed Ickeklucs the pandemonium lord
 81070 | Zig:24   | Gained mutation: You are occasionally teleported next to
                  | monsters. [a cacodemon]
 81073 | Zig:24   | Killed Kaffipn the pandemonium lord
 81073 | Zig:24   | Killed Powoy the pandemonium lord
 81074 | Zig:24   | Killed Tyix the pandemonium lord
 81074 | Zig:24   | Killed Coupumu the pandemonium lord
 81078 | Zig:24   | Killed Coacomn the pandemonium lord
 81081 | Zig:24   | Killed Ykhusm the pandemonium lord
 81294 | Zig:25   | Entered Level 25 of a ziggurat
 81313 | Zig:25   | Noticed a greater mummy
 81313 | Zig:25   | Noticed a greater mummy
 81313 | Zig:25   | Noticed a greater mummy
 81314 | Zig:25   | Noticed a greater mummy
 81314 | Zig:25   | Noticed a greater mummy
 81314 | Zig:25   | Noticed a greater mummy
 81314 | Zig:25   | Noticed a greater mummy
 81314 | Zig:25   | Noticed a greater mummy
 81314 | Zig:25   | Noticed a greater mummy
 81314 | Zig:25   | Noticed a greater mummy
 81314 | Zig:25   | Noticed a greater mummy
 81314 | Zig:25   | Noticed a greater mummy
 81314 | Zig:25   | Noticed a greater mummy
 81314 | Zig:25   | Noticed a greater mummy
 81315 | Zig:25   | Noticed a greater mummy
 81315 | Zig:25   | Noticed a greater mummy
 81315 | Zig:25   | Noticed a greater mummy
 81315 | Zig:25   | Noticed a greater mummy
 81315 | Zig:25   | Noticed a greater mummy
 81316 | Zig:25   | Noticed a greater mummy
 81316 | Zig:25   | Killed from afar by a greater mummy

Levels and vault maps discovered:
D:1:      dpeg_cavernosity, layout_basic, wad_floor_pattern_2, minivault_23
D:2:      layout_loops_ring, uniq_jessica, uniq_terence
D:3:      layout_basic, uniq_sigmund
D:4:      layout_gridville, first_ration
D:5:      layout_loops_cross, nicolae_zen_rock_garden
D:6:      layout_cave_pools, kennysheep_mini_moat, sword_in_stone
D:7:      layout_cave_pools, minmay_temple_entry_poolview
D:8:      layout_cave_pools, minmay_lair_entry_grove, minmay_holes,
          lemuel_angel_altar, uniq_harold, uniq_maggie
D:9:      layout_loops_corners, nicolae_overflow_hidden_temple,
          grunt_temple_overflow_cloverleaf, minmay_lizard_king
D:10:     layout_stronghold, erik_orc_4, kennysheep_generic_room_7
D:11:     layout_loops_ring, gauntlet_entry_generic, grunt_ogre_cave,
          hangedman_weighted_door, minivault_16, lightli_orcish_oven,
          uniq_erolcha
D:12:     layout_basic, basic_altar
D:13:     layout_loops_corners, hangedman_vaults_entry_quadrant_bands,
          nicolae_trove_entry_columns
D:14:     layout_loops_ring, minmay_misc_feat_columns
D:15:     grunt_enter_depths_hoard, layout_long_grid, minivault_26, tgw_xom
Temple:   eino_temple_scatter_basement
Lair:1:   layout_chaotic_city, uniq_urug
Lair:2:   layout_roguey, nzn_random_ring
Lair:3:   layout_regular_city, guppyfry_snake_entry_island
Lair:4:   cheibrodos_lair_overgrown_chateau, layout_regular_city,
          nicolae_swamp_entry_splash_gauntlet, minmay_another_anthill
Lair:5:   layout_hall_layers, slime_dummy, minivault_19, beast_lair_carwin_9,
          serial_bayou_shore_b, grunt_megastairs_5, lemuel_fruit_tree
Lair:6:   cheibrodos_lair_end_hotspot, layout_small_grid, basic_altar,
          hellmonk_ghost_happy_afterlife, serial_bayou_crossing, uniq_snorg
Swamp:1:  layout_falls_marsh, basic_altar
Swamp:2:  layout_basic_swamp, evilmike_swamp_ruin_house_4, swamp_pool3,
          uniq_jorgrun
Swamp:3:  layout_basic_swamp, evilmike_swamp_ruin_house_1, swamp_pool4
Swamp:4:  swamp_alternative, layout_basic_swamp
Snake:1:  layout_basic, basic_altar, serial_bayou_shore_a, uniq_aizul,
          uniq_rupert
Snake:2:  layout_rooms, basic_altar, nicolae_snake_springs
Snake:3:  layout_layer_cave
Snake:4:  snake_pit_salamanders_mu, layout_misc_corridors, minmay_shop_grove
Slime:1:  nicolae_slime_jelly_donut, layout_caves
Slime:2:  layout_caves, uniq_dissolution
Slime:3:  layout_caves
Slime:4:  layout_caves
Slime:5
Orc:1:    layout_caves, basic_altar, trog_book
Orc:2:    st_orc_rangers, layout_caves, mines3_lemuel, uniq_nessos
Elf:1:    layout_gridlike, serial_shops, shop_scrolls, special_room
          [special_room_mythical_zoo], minmay_elf_crystal_heptagon
Elf:2:    layout_onion_city
Elf:3:    minmay_elf_hall_hex, layout_geoelf_octagon, serial_shops, shop,
          basic_altar
Vaults:1: vaults_room_semicircle, v_misc_9, nicolae_vaults_circle_grid_a,
          hangedman_vaults_nails, hangedman_vaults_stitches, st_smaller_cells,
          grunt_vaults_swirl, vaults_room_grunt_arrival_checkpoint,
          nicolae_vaults_big_ls, v_misc_15, ontoclasm_vaults_pinch,
          layout_vaults_maze_snakey, serial_shops, shop
Vaults:2: nicolae_vaults_triangles, nicolae_vaults_diagonal_hallway_9,
          vaults_room_stairs_pillars, vaults_room_ringed_pool,
          nicolae_vaults_three_branches, ontoclasm_vaults_tryst, v_misc_29,
          minmay_crypt_entry_necro_gods, v_misc_23,
          nicolae_vaults_network_quinsquares
          [nicolae_vaults_network_quincunx_subvault,
          nicolae_vaults_network_quincunx_subvault,
          nicolae_vaults_network_quincunx_subvault,
          nicolae_vaults_network_quincunx_subvault], v_pattern_1,
          vaults_standard_mumra_lines, serial_ice_b, layout_vaults_ring,
          basic_altar, serial_shops, shop, uniq_jory, uniq_mara
Vaults:3: v_misc_28, hangedman_vaults_impose, ontoclasm_vaults_claustrophobia,
          nicolae_vaults_circle_grid_b, hangedman_vaults_cutoff, v_misc_8,
          nicolae_vaults_diagonal_hallway_8, nicolae_vaults_circle_grid_a,
          vaults_dpeg_ring, layout_vaults_omnigrid
Vaults:4: st_greater_box_2, v_misc_25, hangedman_vaults_unwind,
          nicolae_vaults_disjoint_gnomons, nicolae_vaults_puzzle_piece,
          nicolae_vaults_theta, grunt_vaults_trifunnel,
          nicolae_vaults_circle_grid_b, grunt_vaults_bifocal,
          nicolae_vaults_theta, ontoclasm_vaults_twist, nicolae_vaults_alarming,
          nicolae_vaults_gold_heap, hangedman_vaults_cutoff,
          layout_vaults_omnibox
Vaults:5: uniq_margery
Crypt:1:  layout_regular_city, pandoras_box_mu,
          grunt_crypt_arrival_guarded_gate, grunt_megastairs_2
Crypt:2:  layout_gridlike, minmay_misc_feat_ornament, grunt_megastairs_1
Crypt:3:  church_of_pain_bobbens, layout_chaotic_city, tomb_entry_shell_bobbens,
          nicolae_crypt_twisting_catacombs, uniq_boris, uniq_frederick
Depths:1: layout_small_grid, rand_demon_pan_entry_8, hell_entry,
          lightli_minifort
Depths:2: grunt_crosshair, layout_cave_shapes, abyss_entry, pf_coc_iceberg,
          special_room [special_room_magic_class], nicolae_wwwww, serial_shops,
          freezing_bzr, infiniplex_staircase_zigzag_5, firewood_loft,
          uniq_asterion
Depths:3: grunt_forest_end_chambers, layout_basic, hell_entry, serial_rivers,
          chequers_serial_rivers_micro_d, chequers_serial_rivers_micro_b,
          chequers_serial_rivers_room_b, chequers_serial_rivers_small_3,
          chequers_serial_rivers_micro_e, chequers_serial_rivers_micro_a,
          moated_statue, grunt_pan_entry_sceptre
Depths:4: gammafunk_the_bubble [the_bubble_gammafunk_crates], layout_basic,
          hangedman_abyss_entry_splay, infiniplex_enter_wizlab_glasses,
          grunt_hell_entry_dis_grunt, pan_entry, minmay_staircase_statues,
          lemuel_flamethrower_3
Depths:5: evilmike_zot_entry_round, layout_gridlike, enter_ziggurat_e,
          minmay_room_of_horrors, pan_entry, chequers_jeans,
          pf_hell_entry_tar_river, serial_shops, bzr_entry_road, shop_fountains,
          shop
Hell
Zig:25:   ziggurat_pillar_abc, ziggurat_pillar_abc, ziggurat_pillar_abc,
          ziggurat_pillar_abc

Skill      XL: |  1  2  3  4  5  6  7  8  9 10 11 12 13 14 15 16 17 18 19 20 21 22 23 24 25 26 27 |
---------------+----------------------------------------------------------------------------------+-----
Earth Magic    | 4 5 6 7 8 9 10 11 12 13 14 15 16 17 21 22 24 | 24.7
Conjurations   | 1 3 4 6 7 8 9 10 11 12 13 14 15 16 17 23 | 23.9
Spellcasting   | 3 4 5 6 7 8 9 10 11 12 13 14 15 27 | 27.0
Fighting       | 1 3 5 6 7 8 10 11 12 13 14 15 16 27 | 27.0
Maces & Flails | 1 3 4 |  4.0
Armour         | 1 3 5 6 16 | 16.8
Dodging        | 2 3 4 5 6 7 8 9 10 11 12 13 18 | 18.8
Evocations     | 2 3 5 6 |  6.0
Polearms       | 2 4 6 7 8 9 10 11 12 13 14 18 | 18.6
Fire Magic     | 4 7 9 11 12 13 14 15 16 17 18 23 | 23.3
Shields        | 6 12 13 14 15 | 15.0
Ice Magic      | 23 | 23.3
Stealth        | |  2.1
Transmutations | |  0.7

Action                   |  1- 3 |  4- 6 |  7- 9 | 10-12 | 13-15 | 16-18 | 19-21 | 22-24 | 25-27 || total
-------------------------+-------+-------+-------+-------+-------+-------+-------+-------+-------++-------
Melee: Club              |    34 |       |       |       |       |       |       |       |       ||    34
       Short sword       |    45 |    78 |       |       |       |       |       |       |       ||   123
       Dagger            |       |    35 |       |       |       |       |       |       |       ||    35
       Flail             |       |    40 |   115 |       |       |       |       |       |       ||   155
       Great sword       |       |       |    44 |    38 |       |       |       |       |       ||    82
       Lance             |       |       |       |   340 |   681 |  1063 |  1471 |  1032 |  1280 ||  5867
       Kick              |       |       |       |       |       |       |       |       |   227 ||   227
Throw: Throwing net      |       |       |       |       |       |       |     1 |       |       ||     1
 Cast: Sandblast         |     7 |    35 |    82 |   128 |   166 |    88 |     5 |     7 |     1 ||   519
       Stone Arrow       |       |     5 |    11 |    23 |    82 |    92 |    13 |       |       ||   226
       Lee's Rapid Decon |       |       |     5 |    45 |   143 |    91 |   134 |    52 |    14 ||   484
       Passwall          |       |       |     2 |     2 |       |       |       |       |       ||     4
       Irradiate         |       |       |       |       |    12 |    21 |    21 |     2 |       ||    56
       Mephitic Cloud    |       |       |       |       |     6 |       |       |       |       ||     6
       Borgnjor's Vile C |       |       |       |       |     1 |     3 |       |       |       ||     4
       Bolt of Magma     |       |       |       |       |     4 |    26 |     3 |       |       ||    33
       Fireball          |       |       |       |       |       |     3 |    17 |     2 |       ||    22
       Iron Shot         |       |       |       |       |       |       |    22 |    31 |    63 ||   116
       Shatter           |       |       |       |       |       |       |       |    71 |   288 ||   359
       Ignition          |       |       |       |       |       |       |       |     1 |   156 ||   157
       Fire Storm        |       |       |       |       |       |       |       |       |    99 ||    99
       Glaciate          |       |       |       |       |       |       |       |       |    35 ||    35
 Abil: Evoke Berserk Rag |       |       |       |     2 |       |       |       |       |       ||     2
       Fly               |       |       |       |       |     1 |       |       |       |     2 ||     3
       Evoke Blink       |       |       |       |       |       |     2 |       |       |       ||     2
       Stop Flying       |       |       |       |       |       |       |       |     1 |     1 ||     2
       Evoke Invisibilit |       |       |       |       |       |       |       |       |     4 ||     4
Evoke: Wand              |       |       |     3 |     7 |    20 |     2 |    12 |     5 |     6 ||    55
       Lightning rod     |       |       |       |       |     2 |     2 |       |       |     1 ||     5
       Sack of spiders   |       |       |       |       |     1 |     2 |       |       |       ||     3
       Figurine of a zig |       |       |       |       |       |       |       |       |     1 ||     1
  Use: Scroll            |       |    11 |     2 |    11 |    12 |    18 |    17 |     9 |    89 ||   169
       Potion            |       |     4 |     2 |     4 |     4 |     4 |     6 |    16 |    35 ||    75
 Stab: Sleeping          |     3 |     4 |     2 |     9 |     7 |    12 |     6 |     5 |     2 ||    50
       Invisible         |       |       |       |     2 |       |       |       |       |       ||     2
       Distracted        |       |       |       |     1 |     4 |       |     3 |     4 |     4 ||    16
       Confused          |       |       |       |       |     5 |       |       |       |       ||     5
  Eat: Chunk             |     1 |    12 |    14 |    27 |    53 |    41 |    44 |    29 |     9 ||   230
       Ration            |       |       |       |     2 |     2 |     5 |       |    12 |    48 ||    69
Armor: Robe              |    31 |   102 |   137 |    44 |       |       |       |       |       ||   314
       Steam dragon scal |       |       |       |   151 |   406 |   596 |   484 |   315 |   153 ||  2105
       Acid dragon scale |       |       |       |       |       |       |       |       |   338 ||   338
Dodge: Dodged            |    39 |   123 |   218 |   266 |   548 |   645 |   494 |   372 |   858 ||  3563
Block: Kite shield       |       |       |       |       |       |       |   155 |   414 |   812 ||  1381
       Rpst.: Great sword |       |       |    14 |    13 |       |       |       |       |       ||    27

Table legend:
 A = Non-vault XP
 B = Vault XP
 C = Vault XP percentage of total XP
 D = Non-vault monster count
 E = Vault monster count
 F = Vault count percentage of total count
                 A         B        C        D         E       F
            +---------+---------+-------+---------+---------+-------
      Total | 2891483 |  886583 |  23.5 |    3538 |    1104 |  23.8
            +---------+---------+-------+---------+---------+-------
        D:1 |      24 |      12 |  33.3 |      12 |       4 |  25.0
        D:2 |      55 |      75 |  57.7 |      20 |       2 |   9.1
        D:3 |      53 |     227 |  81.1 |      22 |       1 |   4.3
        D:4 |     680 |       0 |   0.0 |      35 |       0 |   0.0
        D:5 |     659 |       0 |   0.0 |      24 |       0 |   0.0
        D:6 |     655 |     490 |  42.8 |      16 |       5 |  23.8
        D:7 |     346 |     116 |  25.1 |      12 |       1 |   7.7
        D:8 |    2171 |    2297 |  51.4 |      31 |      12 |  27.9
        D:9 |    2260 |     526 |  18.9 |      28 |       9 |  24.3
       D:10 |    2662 |     473 |  15.1 |      26 |      15 |  36.6
       D:11 |    6052 |    2815 |  31.7 |      61 |      14 |  18.7
       D:12 |    2487 |       0 |   0.0 |      21 |       0 |   0.0
       D:13 |    5031 |    7411 |  59.6 |      35 |      21 |  37.5
       D:14 |   12826 |       0 |   0.0 |      29 |       0 |   0.0
       D:15 |   20036 |    3458 |  14.7 |      55 |       8 |  12.7
     Lair:1 |    4158 |     811 |  16.3 |      19 |       1 |   5.0
     Lair:2 |    4088 |    3206 |  44.0 |      18 |      12 |  40.0
     Lair:3 |    4661 |     332 |   6.6 |      19 |       2 |   9.5
     Lair:4 |    5866 |   10873 |  65.0 |      26 |      56 |  68.3
     Lair:5 |    3709 |    3442 |  48.1 |       8 |      11 |  57.9
     Lair:6 |   10437 |    8056 |  43.6 |      28 |      25 |  47.2
    Swamp:1 |    9819 |       0 |   0.0 |      25 |       0 |   0.0
    Swamp:2 |   12545 |    3169 |  20.2 |      34 |       1 |   2.9
    Swamp:3 |   13830 |       0 |   0.0 |      32 |       0 |   0.0
    Swamp:4 |    9071 |   18752 |  67.4 |      30 |      26 |  46.4
    Snake:1 |   15467 |    3979 |  20.5 |      30 |       2 |   6.2
    Snake:2 |    7331 |    3649 |  33.2 |      14 |      15 |  51.7
    Snake:3 |   12078 |       0 |   0.0 |      23 |       0 |   0.0
    Snake:4 |   23744 |   51883 |  68.6 |      46 |      69 |  60.0
    Slime:1 |    5725 |       0 |   0.0 |      14 |       0 |   0.0
    Slime:2 |    7450 |       0 |   0.0 |      15 |       0 |   0.0
    Slime:3 |    9483 |       0 |   0.0 |       9 |       0 |   0.0
    Slime:4 |   12363 |       0 |   0.0 |      27 |       0 |   0.0
    Slime:5 |   25315 |   35780 |  58.6 |      36 |      14 |  28.0
      Orc:1 |    2530 |       0 |   0.0 |      33 |       0 |   0.0
      Orc:2 |    2593 |    7732 |  74.9 |      38 |      38 |  50.0
      Elf:1 |   28385 |   24825 |  46.7 |      48 |      34 |  41.5
      Elf:2 |   15366 |    1799 |  10.5 |      24 |       2 |   7.7
      Elf:3 |   15447 |   52810 |  77.4 |      21 |      35 |  62.5
   Vaults:1 |   34777 |   29139 |  45.6 |      50 |      51 |  50.5
   Vaults:2 |   47380 |   20961 |  30.7 |      72 |      33 |  31.4
   Vaults:3 |   46424 |    1341 |   2.8 |      64 |       6 |   8.6
   Vaults:4 |   25093 |   79802 |  76.1 |      24 |      72 |  75.0
   Vaults:5 |    8631 |  111940 |  92.8 |       8 |      87 |  91.6
    Crypt:1 |   26330 |   15159 |  36.5 |      45 |      29 |  39.2
    Crypt:2 |   21841 |    2769 |  11.3 |      29 |       3 |   9.4
    Crypt:3 |   43151 |   74763 |  63.4 |      55 |      76 |  58.0
   Depths:1 |   39235 |    4668 |  10.6 |      51 |       6 |  10.5
   Depths:2 |   26866 |   76259 |  73.9 |      36 |      65 |  64.4
   Depths:3 |   18276 |   42978 |  70.2 |      21 |      61 |  74.4
   Depths:4 |   45732 |   32102 |  41.2 |      43 |      18 |  29.5
   Depths:5 |   53899 |   25657 |  32.3 |      50 |      31 |  38.3
       Hell |   23750 |   39013 |  62.2 |      31 |      43 |  58.1
    Abyss:1 |   21711 |       0 |   0.0 |      26 |       0 |   0.0
    Abyss:3 |      68 |   20614 |  99.7 |       1 |      18 |  94.7
      Zig:1 |    2637 |       0 |   0.0 |       6 |       0 |   0.0
      Zig:2 |    9165 |       0 |   0.0 |       7 |       0 |   0.0
      Zig:3 |   11164 |       0 |   0.0 |      16 |       0 |   0.0
      Zig:4 |   14268 |       0 |   0.0 |      17 |       0 |   0.0
      Zig:5 |   25643 |       0 |   0.0 |      14 |       0 |   0.0
      Zig:6 |   28538 |       0 |   0.0 |      17 |       0 |   0.0
      Zig:7 |   37087 |       0 |   0.0 |      21 |       0 |   0.0
      Zig:8 |   24905 |       0 |   0.0 |      28 |       0 |   0.0
      Zig:9 |   32982 |       0 |   0.0 |      42 |       0 |   0.0
     Zig:10 |   35490 |       0 |   0.0 |      45 |       0 |   0.0
     Zig:11 |   37864 |       0 |   0.0 |      57 |       0 |   0.0
     Zig:12 |   45458 |    2273 |   4.8 |      69 |       4 |   5.5
     Zig:13 |   52137 |       0 |   0.0 |      73 |       0 |   0.0
     Zig:14 |   42188 |       0 |   0.0 |      65 |       0 |   0.0
     Zig:15 |   78933 |       0 |   0.0 |      83 |       0 |   0.0
     Zig:16 |  103416 |       0 |   0.0 |      78 |       0 |   0.0
     Zig:17 |  117416 |    2589 |   2.2 |     101 |       4 |   3.8
     Zig:18 |   82763 |       0 |   0.0 |     127 |       0 |   0.0
     Zig:19 |  115015 |       0 |   0.0 |     111 |       0 |   0.0
     Zig:20 |  106051 |    7228 |   6.4 |     127 |       8 |   5.9
     Zig:21 |  130537 |   10098 |   7.2 |     126 |       4 |   3.1
     Zig:22 |  159782 |       0 |   0.0 |     123 |       0 |   0.0
     Zig:23 |  162507 |       0 |   0.0 |     163 |       0 |   0.0
     Zig:24 |  345696 |       0 |   0.0 |     120 |       0 |   0.0
     Zig:25 |  124586 |       0 |   0.0 |      95 |       0 |   0.0
     Zig:26 |   71358 |       0 |   0.0 |      96 |       0 |   0.0
     Zig:27 |   93275 |       0 |   0.0 |      61 |       0 |   0.0
     WizLab |       0 |   34604 | 100.0 |       0 |      39 | 100.0
   Gauntlet |       0 |    3628 | 100.0 |       0 |      11 | 100.0
            +---------+---------+-------+---------+---------+-------
